 Dungeon Crawl Stone Soup version 0.31-a0-210-gccc998df9b (webtiles) character file.

Game seed: 10483039589553223135

10314743 initializr the Invulnerable (level 27, 179/179 HPs)
             Began as a Gargoyle Cinder Acolyte on June 30, 2023.
             Was the Champion of Makhleb.
             Escaped with the Orb
             ... and 11 runes!
             The game lasted 03:09:19 (84131 turns).

initializr the Invulnerable (GrCA)                 Turns: 84131, Time: 03:09:19

Health: 179/179    AC: 74    Str: 22    XL:     27
Magic:  35/35      EV: 26    Int: 16    God:    Makhleb [******]
Gold:   10307      SH: 27    Dex: 14    Spells: 28/28 levels left

rFire   + + +        O - +18 lance "Wyrmbane" {slay drac, rPois rF+ rC+ AC+3}
rCold   + + +        l - +2 tower shield {reflect}
rNeg    + + +        N - +20 crystal plate armour of the Moon {Dex+3, rare}
rPois   ∞            X - -2 hat of the Alchemist {rElec rPois rF+ rC+ rN+ Will+ rMut rCorr}
rElec   +            V - scarf of Surprise {rC+ rF+, rElec}
rCorr   +            b - +2 pair of gloves "Hanuce" {Drain rPois Regen+ Str-2}
SInv    .            y - +2 pair of boots
Will    +++..        I - amulet "Puxu" {rF+ rC+ Regen+ Str-5 Slay+6} Stlth
                     Z - ring of Starshine {rN+ Dex+6}
HPRegen 2.09/turn    D - ring of the Hare {EV+10}
MPRegen 0.24/turn

%: reflection, resist mutation
@: flying, studying 5 skills
A: sickness immunity, AC +20, big wings, negative energy resistance 1,
electricity resistance, torment resistance 1, petrification resistance, deformed
body, frail 1, mutation resistance 1, weak 1, cold vulnerability 1, MP-powered
wands
0: Orb of Zot
}: 11/15 runes: barnacled, slimy, silver, bone, abyssal, demonic, glowing,
magical, fiery, dark, gossamer
a: Renounce Religion, Minor Destruction, Lesser Servant of Makhleb, Major
Destruction, Greater Servant of Makhleb


You escaped.
You worshipped Makhleb.
Makhleb was exalted by your worship.
You visited 16 branches of the dungeon, and saw 68 of its levels.
You visited Pandemonium 1 time, and saw 22 of its levels.
You visited the Abyss 2 times.
You also visited: Trove, Ossuary, Gauntlet and Volcano.

You collected 14261 gold pieces.
You spent 3954 gold pieces at shops.


Innate Abilities, Weirdness & Mutations

You are immune to sickness and miasma.
Your stone body is resilient. (AC +20)
You are immune to poison.
Your large and strong wings let you fly.
You resist negative energy. (rN+)
You are resistant to electric shocks. (rElec)
You are resistant to unholy torment.
You are immune to petrification.
Armour fits poorly on your strangely shaped body.
You are frail. (-10% HP)
You are somewhat resistant to further mutation.
You are weak. (Str -2)
You are vulnerable to cold. (rC-)
You expend magic power (3 MP) to strengthen your wands.


   Skills:
 O Level 27 Fighting
 + Level 22.6(22.8) Axes
 - Level 3.0(16.5) Maces & Flails
 - Level 3.0(15.3) Polearms
 - Level 10.0 Throwing
 O Level 27 Armour
 O Level 27 Dodging
 O Level 27 Shields
 - Level 1.0 Spellcasting
 - Level 3.0 Fire Magic
 - Level 17.0 Invocations
 - Level 10.0 Evocations


You had 28 spell levels left.
You didn't know any spells.
Your spell library contained the following spells:

 Spells                   Type           Power      Damage    Failure   Level
 Scorch                   Fire           20%        2d6       65%         2
 Foxfire                  Conj/Fire      20%        2x1d5     73%         1
 Apportation              Tloc           0%         N/A       90%         1
 Freeze                   Ice            0%         1d3       90%         1
 Magic Dart               Conj           0%         1d3       90%         1
 Sandblast                Erth           0%         2d4       90%         1
 Slow                     Hex            0%         N/A       90%         1
 Sting                    Tmut/Pois      0%         1d3       90%         1
 Summon Small Mammal      Summ           0%         N/A       90%         1
 Blink                    Tloc           0%         N/A       97%         2
 Call Imp                 Summ           0%         N/A       97%         2
 Ensorcelled Hibernation  Hex/Ice        0%         N/A       97%         2
 Lesser Beckoning         Tloc           0%         N/A       97%         2
 Momentum Strike          Conj/Tloc      0%         3d8       97%         2
 Passwall                 Tmut/Erth      0%         N/A       97%         2
 Poisonous Vapours        Pois/Air       0%         N/A       97%         2
 Static Discharge         Conj/Air       0%         2-2/arc   97%         2
 Wereblood                Tmut           0%         N/A       97%         2
 Volatile Blastmotes      Fire/Tloc      10%        2d10      97%         3
 Call Canine Familiar     Summ           0%         N/A       99%         3
 Confusing Touch          Hex            0%         N/A       99%         3
 Dazzling Flash           Conj/Hex       0%         N/A       99%         3
 Frozen Ramparts          Ice            0%         1d1       99%         3
 Gell's Gravitas          Tloc           0%         N/A       99%         3
 Hailstorm                Conj/Ice       0%         3d3       99%         3
 Ignite Poison            Fire/Tmut/Pois 4%         N/A       99%         3
 Mephitic Cloud           Conj/Pois/Air  0%         N/A       99%         3
 Ozocubu's Armour         Ice            0%         N/A       99%         3
 Portal Projectile        Hex/Tloc       0%         N/A       99%         3
 Stone Arrow              Conj/Erth      0%         3d7       99%         3
 Summon Guardian Golem    Hex/Summ       0%         N/A       99%         3
 Swiftness                Air            0%         N/A       99%         3
 Teleport Other           Tloc           0%         N/A       99%         3
 Tukima's Dance           Hex            0%         N/A       99%         3
 Vhi's Electric Charge    Tloc/Air       0%         N/A       99%         3
 Airstrike                Air            0%         2d(0-16)  100%        4
 Anguish                  Hex/Necr       0%         N/A       100%        4
 Animate Armour           Summ/Erth      0%         N/A       100%        4
 Animate Dead             Necr           0%         N/A       100%        4
 Cause Fear               Hex            0%         N/A       100%        4
 Dispel Undead            Necr           0%         3d6       100%        4
 Flame Wave               Conj/Fire      5%         2d5       100%        4
 Fulminant Prism          Conj/Hex       0%         3d5       100%        4
 Ice Form                 Ice/Tmut       0%         N/A       100%        4
 Iskenderun's Mystic Bla  Conj/Tloc      0%         2d3       100%        4
 Leda's Liquefaction      Hex/Erth       0%         N/A       100%        4
 Manifold Assault         Tloc           0%         N/A       100%        4
 Olgreb's Toxic Radiance  Pois           0%         N/A       100%        4
 Passage of Golubria      Tloc           0%         N/A       100%        4
 Summon Ice Beast         Ice/Summ       0%         N/A       100%        4
 Summon Lightning Spire   Summ/Air       0%         N/A       100%        4
 Agony                    Necr           0%         N/A       100%        5
 Alistair's Intoxication  Tmut/Pois      0%         N/A       100%        5
 Arcjolt                  Conj/Air       0%         1d10      100%        5
 Blade Hands              Tmut           0%         N/A       100%        5
 Borgnjor's Vile Clutch   Necr/Erth      0%         N/A       100%        5
 Fireball                 Conj/Fire      2%         3d4       100%        5
 Freezing Cloud           Conj/Ice/Air   0%         6-21      100%        5
 Irradiate                Conj/Tmut      0%         3d11      100%        5
 Iskenderun's Battlesphe  Conj           0%         2d6       100%        5
 Lee's Rapid Deconstruct  Erth           0%         3d4*      100%        5
 Metabolic Englaciation   Hex/Ice        0%         N/A       100%        5
 Silence                  Hex/Air        0%         N/A       100%        5
 Summon Forest            Summ/Tloc      0%         N/A       100%        5
 Yara's Violent Unravell  Hex/Tmut       0%         3d3       100%        5
 Conjure Ball Lightning   Conj/Air       0%         3x3d6     100%        6
 Death Channel            Necr           0%         N/A       100%        6
 Dispersal                Tloc           0%         N/A       100%        6
 Eringya's Noxious Bog    Tmut/Pois      0%         N/A       100%        6
 Leda's Unmaking          Conj/Erth      0%         9d1       100%        6
 Plasma Beam              Fire/Air       2%         2x1d12    100%        6
 Simulacrum               Ice/Necr       0%         N/A       100%        6
 Starburst                Conj/Fire      2%         6d3       100%        6
 Summon Cactus Giant      Summ           0%         N/A       100%        6
 Dragon Form              Tmut           0%         N/A       100%        7
 Enfeeble                 Hex            0%         N/A       100%        7
 Malign Gateway           Summ/Tloc      0%         N/A       100%        7
 Orb of Destruction       Conj           0%         9d5       100%        7
 Ozocubu's Refrigeration  Ice            0%         4d7       100%        7
 Spellforged Servitor     Conj/Summ      0%         N/A       100%        7
 Storm Form               Tmut/Air       0%         N/A       100%        7
 Summon Hydra             Summ           0%         N/A       100%        7
 Borgnjor's Revivificati  Necr           0%         N/A       100%        8
 Disjunction              Tloc           0%         N/A       100%        8
 Lehudib's Crystal Spear  Conj/Erth      0%         10d2      100%        8
 Maxwell's Capacitive Co  Air            0%         ∞         100%        8
 Necromutation            Tmut/Necr      0%         N/A       100%        8
 Summon Horrible Things   Summ           0%         N/A       100%        8
 Chain Lightning          Conj/Air       0%         N/A       100%        9
 Death's Door             Necr           0%         N/A       100%        9
 Fire Storm               Conj/Fire      2%         8d1       100%        9
 Shatter                  Erth           0%         3d5*      100%        9
 Cigotuvi's Dreadful Rot  Necr/Pois/Air  Unusable   N/A       N/A         2
 Sublimation of Blood     Necr           Unusable   N/A       N/A         2
 Statue Form              Tmut/Erth      Unusable   N/A       N/A         6

Inventory:

Hand Weapons
 k - a +2 scimitar of distortion {!w}
   (You found it on level 3 of the Elven Halls)
 O - the +18 lance "Wyrmbane" (weapon) {slay drac, rPois rF+ rC+ AC+3}
   (You found it on level 14 of the Dungeon)

   AC:        It affects your AC (+3).
   rF:        It protects you from fire.
   rC:        It protects you from cold.
   rPois:     It protects you from poison.
 Q - a +9 vampiric broad axe
   (You took it off a vault warden on level 1 of the Vaults)
Missiles
 G - 15 silver javelins
Armour
 b - the +2 pair of gloves "Hanuce" (worn) {Drain rPois Regen+ Str-2}
   (You acquired it on level 6 of the Dungeon)

   Str:       It affects your strength (-2).
   rPois:     It protects you from poison.
   Regen:     It increases your rate of health regeneration.
   Drain:     It drains your maximum health when unequipped.
 e - the scarf "Jyunuov" {repulsion, Rampage rPois}
   (You acquired it on level 4 of the Depths)

   rPois:     It protects you from poison.
   Rampage:   It bestows one free step when moving towards enemies.
 i - the +1 pair of gloves "Xufe" {rElec rN+}
   (You found it on level 7 of Tartarus)

   rElec:     It insulates you from electricity.
   rN:        It protects you from negative energy.
 l - a +2 tower shield of reflection (worn)
   (You took it off a demonspawn warmonger in Pandemonium)
 w - a +2 tower shield of protection
   (You took it off a demonspawn warmonger in Pandemonium)
 y - a +2 pair of boots (worn)
   (You found it on level 1 of the Vaults)
 C - the +2 cloak of the Thief {*Fog Slay-2 SInv Stlth+}
   (You found it on level 7 of Tartarus)

   *Fog:      It may release a thick cloud of smoke when the wearer is hurt.
   Slay:      It affects your accuracy & damage with ranged weapons and melee
   (-2).
   SInv:      It lets you see invisible.
   Stlth:     It makes you more stealthy.
 N - the +20 crystal plate armour of the Moon (worn) {Dex+3, rare}
   (You acquired it on level 2 of the Shoals)

   Dex:       It affects your dexterity (+3).
 V - the scarf of Surprise (worn) {rC+ rF+, rElec}
   (You acquired it on level 6 of the Dungeon)

   rElec:     It insulates you from electricity.
 X - the -2 hat of the Alchemist (worn) {rElec rPois rF+ rC+ rN+ Will+ rMut rCorr}
   (You found it on level 4 of the Lair of Beasts)

   rF:        It protects you from fire.
   rC:        It protects you from cold.
   rElec:     It insulates you from electricity.
   rPois:     It protects you from poison.
   rN:        It protects you from negative energy.
   rCorr:     It protects you from acid and corrosion.
   rMut:      It protects you from mutation.
   Will:      It increases your willpower.
Jewellery
 A - the amulet of the Air {Inacc Air Fly rElec RMsl}
   (You found it on level 5 of the Pits of Slime)

   [amulet of nothing]

   Inacc:     It reduces the accuracy of your attacks and spells.
   Air:       It enhances your air magic.
   rElec:     It insulates you from electricity.
   Fly:       It grants you flight.
   RMsl:      It protects you from missiles.
 D - the ring of the Hare (right hand) {EV+10}
   (You bought it in a shop on level 2 of the Orcish Mines)

   [ring of evasion]

   EV:        It affects your evasion (+10).
 E - a +5 ring of evasion
   (You found it on level 9 of the Dungeon)
 I - the amulet "Puxu" (around neck) {rF+ rC+ Regen+ Str-5 Slay+6}
   (You bought it in a shop on level 2 of the Depths)

   [amulet of regeneration]

   Str:       It affects your strength (-5).
   Slay:      It affects your accuracy & damage with ranged weapons and melee
   (+6).
   rF:        It protects you from fire.
   rC:        It protects you from cold.
   Regen:     It increases your rate of health regeneration.
 P - the ring "Aticaun" {rC+ rCorr SInv}
   (You took it off a centaur warrior on level 14 of the Dungeon)

   [ring of protection from cold]

   rC:        It protects you from cold.
   SInv:      It lets you see invisible.
   rCorr:     It protects you from acid and corrosion.
 W - the dreamshard necklace {Acrobat *Dream}
   (You found it on level 5 of the Vaults)

   [amulet of the acrobat]

   *Dream:    It absorbs a single lethal wound into itself, holding its wearer
   just short of death and releasing dream-creatures to guard them.
   It increases your evasion while moving and waiting.
 Y - the ring "Gemyuloa" {rElec rF+ Slay+4}
   (You found it on level 4 of the Shoals)

   [ring of slaying]

   Slay:      It affects your accuracy & damage with ranged weapons and melee
   (+4).
   rF:        It protects you from fire.
   rElec:     It insulates you from electricity.
 Z - the ring of Starshine (left hand) {rN+ Dex+6}
   (You took it off a fire giant on level 3 of the Vaults)

   [ring of dexterity]

   Dex:       It affects your dexterity (+6).
   rN:        It protects you from negative energy.
Wands
 J - a wand of digging (15)
   (You found it on level 2 of the Spider Nest)
Scrolls
 c - 7 scrolls of fear
 g - 10 scrolls of revelation
 m - 9 scrolls of immolation {!r!r}
 n - 23 scrolls of teleportation {@r4}
 o - 5 scrolls of silence {!r!r}
 x - 14 scrolls of poison
 H - 10 scrolls of enchant armour
 K - 9 scrolls of blinking {!r}
 M - 11 scrolls of fog
 R - a scroll of butterflies
Potions
 d - 11 potions of attraction {!q}
 f - 2 potions of might
 h - a potion of haste {@q3}
 j - 14 potions of brilliance
 p - 5 potions of resistance
 q - a potion of heal wounds {@q2}
 r - 2 potions of invisibility
 s - 23 potions of curing {@q1}
 t - 7 potions of cancellation
 u - 10 potions of lignification {!q}
 z - 13 potions of ambrosia
 F - 2 potions of magic
 T - 4 potions of berserk rage {!q}
Miscellaneous
 a - a phantom mirror
   (You found it on level 14 of the Dungeon)
 B - a phial of floods
   (You found it on level 9 of the Dungeon)
 L - a lightning rod (4/4)
   (You found it on level 11 of the Dungeon)
 S - a condenser vane
   (You found it on level 14 of the Dungeon)
 U - a sack of spiders
   (You found it in a Gauntlet)

Dungeon Overview and Level Annotations

Branches:
Dungeon (15/15)            Temple (1/1) D:4            Lair (5/5) D:10
 Shoals (4/4) Lair:3       Spider (4/4) Lair:2        Slime (5/5) Lair:5
    Orc (2/2) D:11            Elf (3/3) Orc:2        Vaults (5/5) D:13
  Crypt (3/3) Vaults:3       Tomb (0/3) Crypt:3      Depths (4/4) D:15
   Hell (visited)             Dis (1/7) Hell            Geh (3/7) Hell
    Coc (0/7) Hell            Tar (7/7) Hell            Zot (5/5) Depths:4
Ossuary (visited)         Volcano (visited)         Gauntlet (visited)

Altars:
Ashenzari
Cheibriados
Dithmenos
Elyvilon
Fedhas
Gozag
Hepliaklqana
Kikubaaqudgha
Makhleb
Nemelex Xobeh
Okawaru
Qazlal
Ru
Sif Muna
Trog
Uskayaw
Vehumet
Wu Jian
Xom
Yredelemnul
Zin
The Shining One
Jiyva

Shops:
D:2 ?   D:9 ?   D:15 [   Orc:1 (   Orc:2 =:*=   Elf:2 (=   Elf:3 ?   Vaults:1 (
Depths:1 =   Depths:2 :=:

Portals:
Hell: Depths:1 Depths:2 Depths:3 Depths:4
Abyss: Depths:3
Pandemonium: Depths:2 Depths:4
Ziggurat: Depths:3

###........#
#...#####.## #.###
#..#
########.########.#
#≈≈≈≈≈≈≈.≈≈≈≈≈≈≈#.#
#≈≈≈≈≈.....≈≈≈≈≈#.#
#≈≈....~~~....≈≈#.#
#≈...~~~.~~~...≈#.#
#≈..~~..@.~~~.....#
#≈...~~~.~~~...≈###
#≈≈....~~~....≈≈#
#≈≈≈≈≈.....≈≈≈≈≈#
#≈≈≈≈≈≈≈≈≈≈≈≈≈≈≈#
#################


There were no monsters in sight!


Message History

A Gililiunt and a neqoxec come into view.
The neqoxec moves out of view.
Aiming: Dig
Press: ? - help, Q - select action, (/) - cycle Shift-Dir - straight line You can't see that place. [the floor.]
You feel a surge of power!
The rock shatters into small pieces.
You fade into invisibility!
Gililiunt gestures at you. The bolt of cold misses you.
You feel yourself speed up. Gililiunt gestures at you.
The bolt of cold hits you! You resist.
Unknown command.
Gililiunt gestures at you. The bolt of cold hits you. You resist.
An Executioner comes into view.
You hit Gililiunt but do no damage. You puncture Gililiunt!
You block Gililiunt's attack.
Unknown command.
You hit Gililiunt. You hit Gililiunt. Gililiunt gestures at you.
The bolt of cold misses you.
You impale Gililiunt!!
The neqoxec shouts!
You puncture Gililiunt! Gililiunt gestures at you. The bolt of cold hits you.
You resist.
You hit Gililiunt but do no damage. You impale Gililiunt!!
You puncture Gililiunt! You block Gililiunt's attack.
You hit Gililiunt but do no damage. You impale Gililiunt!!
Gililiunt hits you but does no damage.
You barely miss Gililiunt. You hit Gililiunt.
Gililiunt hits you but does no damage.
You hit Gililiunt but do no damage. You hit Gililiunt but do no damage.
You block Gililiunt's attack.
You hit Gililiunt but do no damage. You hit Gililiunt but do no damage.
Gililiunt hits you but does no damage.
You puncture Gililiunt!
The Executioner gestures.
The Executioner seems to speed up.
You hit Gililiunt but do no damage. You puncture Gililiunt!
Gililiunt completely misses you. The neqoxec gestures at you.
Something tries to feed on your intellect!
You barely miss Gililiunt. You puncture Gililiunt!
You block Gililiunt's attack.
You barely miss Gililiunt. You puncture Gililiunt!
You block Gililiunt's attack.
You hit Gililiunt.
You kill Gililiunt!
Makhleb accepts your kill.
You feel your intelligence returning.
Your life force feels restored.
You closely miss the Executioner. You block the Executioner's attack. x3
You miss the Executioner. You block the Executioner's attack.
The Executioner hits you but does no damage.
The Executioner completely misses you.
You impale the Executioner!! You block the Executioner's attack.
The Executioner barely misses you.
The Executioner hits you but does no damage.
You closely miss the Executioner. You block the Executioner's attack.
The Executioner completely misses you. You block the Executioner's attack.
You hit the Executioner. The Executioner barely misses you.
The Executioner closely misses you.
The Executioner hits you but does no damage.
You puncture the Executioner! You block the Executioner's attack. x2
The Executioner hits you but does no damage.
You puncture the Executioner! You block the Executioner's attack. x3
You puncture the Executioner! You block the Executioner's attack. x3
You puncture the Executioner!
You kill the Executioner!
Makhleb accepts your kill.
You puncture the neqoxec! You hit the neqoxec but do no damage.
You strike the helpless neqoxec from behind!
You impale the neqoxec!!
You kill the neqoxec!
Makhleb accepts your kill.
No target in view!
No target in view!
No target in view!
No target in view!
No target in view!
No target in view!
No target in view!
No target in view!
No target in view!
No target in view!
No target in view!
No target in view!
No target in view!
There is an open door here.
You flicker for a moment.
Your extra speed is starting to run out.
You flicker back into view.
You feel yourself slow down.
There is a staircase leading out of the dungeon here.
You have escaped!

Action                     |  1- 3 |  4- 6 |  7- 9 | 10-12 | 13-15 | 16-18 | 19-21 | 22-24 | 25-27 || total
---------------------------+-------+-------+-------+-------+-------+-------+-------+-------+-------++-------
  Melee: Mace              |    54 |       |       |       |       |       |       |       |       ||    54
         War axe           |    67 |   107 |   445 |   952 |  1863 |  2247 |  1732 |  1750 |  1056 || 10219
         Punch             |       |     1 |     7 |     1 |       |       |       |       |       ||     9
         Morningstar       |       |       |       |       |     2 |       |       |       |       ||     2
         Lance             |       |       |       |       |       |   835 |    50 |   766 |  2469 ||  4120
         Broad axe         |       |       |       |       |       |       |       |       |  3157 ||  3157
 Invoke: Fiery Armour      |       |     1 |       |       |     1 |       |       |       |       ||     2
         Foxfire Swarm     |       |     1 |     1 |       |     1 |       |       |       |       ||     3
         Greater Servant o |       |       |       |       |       |       |       |       |     2 ||     2
  Evoke: Wand              |       |       |       |    13 |    14 |     3 |       |     2 |     5 ||    37
         Phial of floods   |       |       |       |     1 |     1 |     3 |       |       |       ||     5
         Lightning rod     |       |       |       |       |     9 |     7 |       |     4 |       ||    20
         Phantom mirror    |       |       |       |       |       |     2 |       |       |       ||     2
         Condenser vane    |       |       |       |       |       |     1 |       |     1 |       ||     2
    Use: Scroll            |       |     7 |    11 |    10 |    10 |    20 |     2 |     3 |    18 ||    81
         Potion            |       |     2 |       |     1 |    13 |    13 |     1 |     3 |    25 ||    58
   Stab: Paralysed         |       |       |       |    12 |       |     7 |       |       |       ||    19
         Invisible         |       |       |       |       |    16 |       |       |     6 |     1 ||    23
         Petrified         |       |       |       |       |       |       |       |       |    19 ||    19
         Petrifying        |       |       |       |       |       |       |       |       |     1 ||     1
         Distracted        |       |       |       |       |       |       |       |       |    80 ||    80
         Confused          |       |       |       |       |       |       |       |       |     1 ||     1
 Armour: Robe              |    64 |    32 |       |       |       |       |       |       |       ||    96
         Chain mail        |       |    85 |    54 |       |       |       |       |       |       ||   139
         Plate armour      |       |       |   328 |   583 |  1026 |   817 |       |       |       ||  2754
         Crystal plate arm |       |       |       |       |       |   562 |   694 |  1094 |  2495 ||  4845
         Storm dragon scal |       |       |       |       |       |    82 |       |       |       ||    82
  Dodge: Dodged            |    89 |    81 |   128 |   474 |  1161 |  2482 |  1037 |  1452 |  3225 || 10129
         Repelled          |       |       |       |       |     6 |    17 |       |     2 |    57 ||    82
  Block: Kite shield       |       |       |       |   450 |  1106 |  1844 |  1096 |  1752 |  2716 ||  8964
         Reflection        |       |       |       |       |       |       |       |   119 |    27 ||   146
         Tower shield      |       |       |       |       |       |       |       |       |  2210 ||  2210

Levels and vault maps discovered:
D:1:      dpeg_arrival_shrine, layout_basic, moated_statue
D:2:      layout_loops_cross, serial_shops, shop, kennysheep_big_empty_room
D:3:      layout_basic, mainiacjoe_overflow_catwalk, bloody_makhleb,
          minivault_24, minmay_crystal_water
D:4:      layout_basic, overflow_temple_1_default, lemuel_doored_altar,
          minmay_temple_entry_sparse_star, minmay_pentangle
D:5:      layout_cave_pods, grunt_temple_overflow_holy_war,
          nicolae_kikubaaqudgha_miasma_corner, mainiacjoe_overflow_paths,
          cheibriados_altar_1, nicolae_ossuary_entry_catacombs,
          chequers_serial_rivers_small_3, chequers_serial_rivers_large_a,
          uniq_menkaure, uniq_sigmund
D:6:      layout_cave_pools, nicolae_dithmenos_through_a_glass_darkly,
          nzn_wu_jian_council_hall, nicolae_concentric_dashed_squares_wild,
          uniq_duvessa
D:7:      layout_cave_pools, kennysheep_mini, serial_bayou,
          serial_bayou_shore_b, serial_bayou_crossing, serial_bayou_pond_b,
          serial_bayou_ford_a, minmay_hedge_maze, abandoned_shop,
          due_unseen_surprise
D:8:      layout_gridville, bloody_trog, ebering_ghost_gozag
D:9:      layout_cave_pools, nicolae_ru_awakened_eye, serial_shops, shop,
          patterned_corridor, uniq_pikel
D:10:     layout_basic, mainiacjoe_overflow_chevrons,
          mainiacjoe_overflow_cross_hatched, david_lair_generic,
          minmay_misc_feat_encased, uniq_lodul
D:11:     layout_irregular_city, david_orc_2
D:12:     layout_basic, nicolae_tso_carved_into_rock
D:13:     layout_loops_cross, david_vaults_2, maelrawn_ghost_gauntlet_escape,
          uniq_josephine
D:14:     minmay_the_grid_net [minmay_the_grid_minigrid_medium,
          minmay_the_grid_armoury, minmay_the_grid_tri_star,
          minmay_the_grid_box_x, minmay_the_grid_outer_circle,
          minmay_the_grid_prize_four_corners_diamond_b], layout_irregular_city,
          minmay_misc_feat_tower
D:15:     hangedman_depths_entry_civil_slaughter, layout_loops_cross,
          serial_shops, nicolae_square_shop, lemuel_round_altar
Temple:   nicolae_temple_ecumenical_triangle
Lair:1:   layout_cave_pods, gammafunk_ghost_grave, lemuel_oklob_altar,
          infiniplex_staircase_pool_2, uniq_joseph, uniq_maggie, uniq_grum
Lair:2:   layout_gridlike, dummy_spider_entry, gauntlet_entry_generic,
          kennysheep_rathole, serial_bayou_shore_b, grunt_megastairs_3,
          uniq_fannar, uniq_urug, uniq_amaemon
Lair:3:   layout_small_grid, elwin_shoals_entry_rocks,
          nicolae_volcano_entry_s_turn, serial_bayou_shore_b,
          grunt_megastairs_2, uniq_nessos, uniq_gastronok
Lair:4:   layout_cave_pods, basic_altar
Lair:5:   minmay_lair_end_frog_pond, layout_regular_city,
          minmay_slime_entry_jelly_boxes
Shoals:1: cheibrodos_shoals_gigantism, layout_shoals, uniq_frances, uniq_roxanne
Shoals:2: layout_shoals
Shoals:3: layout_shoals, nicolae_shoals_flooded_hall
Shoals:4: shoals_end_grunt_ice, layout_shoals,
          gammafunk_ghost_berserking_beasts, uniq_mlioglotl
Spider:1: layout_chambers
Spider:2: layout_spider_delve, hangedman_spider_tarantella_strand,
          nicolae_spider_cling_halls
Spider:3: layout_spider_delve, ebering_ghost_inner_flame,
          guppyfry_spider_mini_1, uniq_bai_suzhen
Spider:4: grunt_spider_rune_circles
Slime:1:  layout_caves
Slime:2:  layout_caves, nicolae_slime_rock_hall_of_fame
Slime:3:  layout_caves
Slime:4:  layout_caves
Slime:5
Orc:1:    layout_caves, basic_altar, serial_shops, nicolae_shop_window_shopping,
          dreamdust_deal_with_the_devil, guppyfry_orc_lava_fort
Orc:2:    st_orc_rangers, layout_diamond_mine, basic_altar,
          guppyfry_library_mini
Elf:1:    layout_gridlike, gammafunk_ghost_cemetery, hangedman_elf_disciples,
          grunt_megastairs_5, uniq_azrael, uniq_nikola
Elf:2:    elven_hall_of_blades_hangedman_original
          [nicolae_blade_entry_area_security], layout_geoelf_octagon,
          enter_trove_1, lemuel_elevator, minmay_shoptagon
Elf:3:    minmay_elf_hall, layout_loops_corners, serial_shops, shop,
          nicolae_elf_stone_circles
Vaults:1: vaults_room_pools, vaults_room_hallway,
          vaults_standard_mumra_enter_the_diamond,
          nicolae_vaults_shrinking_rooms_2, v_misc_1,
          nicolae_vaults_weapon_check, v_pattern_2, grunt_vaults_diagonal,
          nicolae_vaults_taking_the_gang_shopping,
          nicolae_vaults_little_squares_5, nicolae_vaults_angled_halls,
          v_misc_25, vaults_dpeg_encased_lava, layout_vaults_ring
Vaults:2: nicolae_vaults_six-pack, v_misc_25, ontoclasm_vaults_eye,
          vaults_dpeg_cross, serial_ice_g, vaults_dpeg_diagonal,
          layout_vaults_quadrants
Vaults:3: minmay_crypt_entry_nasty_monster, hangedman_vaults_corner, v_rooms_3,
          ontoclasm_vaults_ligature, hangedman_vaults_stitches, v_misc_9,
          v_misc_17, grunt_vaults_focal, nicolae_vaults_apartment_1,
          hangedman_vaults_pinch, ontoclasm_vaults_loading_screen,
          nicolae_vaults_storing_the_good_stuff, nicolae_vaults_tetromino_T_1,
          nicolae_vaults_wine_cellar, vaults_room_pools, layout_vaults_omnicross
Vaults:4: nicolae_vaults_stepped_doors, ontoclasm_vaults_loading_screen,
          v_pattern_1, v_misc_26, vaults_room_hallway, st_more_cells,
          vaults_room_large_hall, nicolae_vaults_trapezoid_lopsided_3,
          nicolae_vaults_rhombus_6, vaults_room_ringed_pool, v_misc_26,
          grunt_vaults_bifocal, dpeg_vaults_monster_row, nicolae_vaults_house_3,
          layout_vaults_maze_bifur
Vaults:5: uniq_jory
Crypt:1:  layout_chaotic_city
Crypt:2:  layout_misc_corridors
Crypt:3:  quadcrypt_mu, uniq_margery
Depths:1: layout_cave_shapes, doesnt_xom_only_xom, grunt_hell_entry_dis_old,
          serial_bayou, serial_bayou_pond_c, serial_bayou_lagoon_a,
          serial_bayou_shore_a, serial_bayou_pond_a,
          chequers_serial_rivers_marsh, nicolae_shop_unique_rings,
          lemuel_flame_loot_1
Depths:2: minmay_thinvault, layout_twisted_cross, lemuel_tele_altar, pan_entry,
          pf_dread_powers_of_hell, minmay_staircase_bubble, minmay_shop_grove
Depths:3: angbandy_vault, layout_gridlike, enter_ziggurat_f,
          abyss_entry_crystal, solitary_fountain, pf_coc_iceberg
Depths:4: grunt_profane_halls [grunt_profane_temple_geh,
          grunt_profane_temple_tar, grunt_profane_temple_coc,
          grunt_profane_temple_dis, grunt_zot_portal], pan_entry, serial_shops,
          hell_entry, uniq_grunn
Hell
Dis:1:    layout_regular_city
Geh:1:    layout_gehenna_lava_caves
Geh:2:    layout_gehenna_lava_caves, nicolae_geh_amphitheater
Geh:3:    nicolae_geh_tyrants_menagerie, layout_gehenna_pools_triple,
          nicolae_geh_lavax
Tar:1:    layout_grid_maze
Tar:2:    layout_grid_maze, lemuel_nasty_pond
Tar:3:    layout_grid_maze
Tar:4:    layout_grid_maze
Tar:5:    layout_grid_maze
Tar:6:    layout_cathedral_of_symmetry
Tar:7:    tar_minmay_river
Zot:1:    layout_onion_interference, gammafunk_ghost_split
Zot:2:    layout_basic
Zot:3:    lemuel_halls_of_wrath, layout_concentric_octagons,
          hangedman_elemental_corridor, uniq_parghit
Zot:4:    layout_gridville, basic_altar
Zot:5:    layout_misc_corridors

Notes
Turn   | Place    | Note
-------+----------+-------------------------------------------
     0 | D:1      | initializr the Gargoyle Cinder Acolyte began the quest for
                  | the Orb.
     0 | D:1      | Reached XP level 1. HP: 14/14 MP: 2/2
    60 | D:1      | You pick up a book of Displacement and begin reading...
    60 | D:1      | You add the spells Lesser Beckoning, Gell's Gravitas and
                  | Teleport Other to your library.
   213 | D:1      | Reached XP level 2. HP: 19/19 MP: 3/3
   239 | D:1      | Reached skill level 1 in Axes
   695 | D:2      | Reached skill level 1 in Shields
   758 | D:2      | Reached XP level 3. HP: 23/23 MP: 4/4
  1024 | D:2      | Found Jaffoneg's Magic Scroll Shop.
  1028 | D:2      | Bought a scroll of identify for 22 gold pieces
  1028 | D:2      | Bought a scroll of teleportation for 33 gold pieces
  1132 | D:2      | Reached skill level 2 in Axes
  1230 | D:2      | Reached XP level 4. HP: 29/29 MP: 5/5
  1392 | D:3      | Found a blossoming altar of Fedhas.
  1710 | D:3      | Found a burning altar of Makhleb.
  1719 | D:3      | Identified the +0 robe of Gluttony {Will++ Int-3}
  1830 | D:3      | Reached skill level 2 in Shields
  1905 | D:4      | You pick up a book of Frost and begin reading...
  1905 | D:4      | You add the spells Freeze, Frozen Ramparts and Hailstorm to
                  | your library.
  1996 | D:4      | Noticed a hornet
  1997 | D:4      | Noticed a scorpion
  2036 | D:4      | Reached skill level 4 in Fighting
  2066 | D:4      | Reached XP level 5. HP: 16/33 MP: 6/6
  2115 | D:4      | Noticed an ogre
  2181 | D:4      | Noticed a black bear
  2193 | D:4      | HP: 6/33 [black bear (4)]
  2313 | D:4      | Killed a black bear
  2314 | D:4      | Reached skill level 3 in Axes
  2346 | D:4      | HP: 5/34 [hornet (8)]
  2515 | D:4      | Killed a hornet
  2516 | D:4      | Reached skill level 4 in Axes
  2516 | D:4      | Reached skill level 3 in Shields
  2516 | D:4      | Reached XP level 6. HP: 23/40 MP: 7/7
  2575 | D:4      | Reached skill level 5 in Fighting
  2575 | D:4      | Reached XP level 7. HP: 17/44 MP: 8/8
  2618 | D:4      | Reached skill level 4 in Shields
  2781 | D:4      | Found a radiant altar of Vehumet.
  2813 | D:4      | Found a shimmering altar of Xom.
  2899 | D:4      | Found a staircase to the Ecumenical Temple.
  2922 | D:4      | Reached skill level 5 in Axes
  3214 | Temple   | Entered the Ecumenical Temple
  3273 | D:5      | Entered Level 5 of the Dungeon
  3273 | D:5      | Noticed Menkaure
  3280 | D:5      | Killed Menkaure
  3281 | D:5      | Reached XP level 8. HP: 25/51 MP: 9/9
  3290 | D:5      | Reached skill level 6 in Fighting
  3320 | D:5      | Reached skill level 6 in Axes
  3452 | D:5      | Reached skill level 5 in Shields
  3458 | D:5      | Found a sand-covered staircase.
  3473 | Ossuary  | Entered an ossuary
  3606 | Ossuary  | Reached skill level 1 in Armour
  3909 | D:5      | Reached skill level 2 in Armour
  4010 | D:5      | Found a hazy altar of Hepliaklqana.
  4116 | D:5      | Found an ancient bone altar of Kikubaaqudgha.
  4127 | D:5      | Found a snail-covered altar of Cheibriados.
  4245 | D:5      | Found a glowing golden altar of the Shining One.
  4247 | D:5      | Noticed an angel
  4253 | D:5      | Reached XP level 9. HP: 53/56 MP: 10/10
  4287 | D:5      | You pick up a book of Burglary and begin reading...
  4287 | D:5      | You add the spells Passwall, Ensorcelled Hibernation and
                  | Swiftness to your library.
  4379 | D:5      | Noticed Sigmund
  4393 | D:5      | Killed Sigmund
  4394 | D:5      | Reached skill level 7 in Axes
  4464 | D:5      | Found a basalt altar of Yredelemnul.
  4730 | D:6      | Noticed Dowan
  4735 | D:6      | Reached skill level 7 in Fighting
  4735 | D:6      | Reached skill level 6 in Shields
  4743 | D:6      | Noticed Duvessa
  4761 | D:5      | Reached skill level 3 in Armour
  5134 | D:6      | Found an ornate altar of the Wu Jian Council.
  5152 | D:6      | Found a shadowy altar of Dithmenos.
  5162 | D:6      | Killed Duvessa
  5172 | D:6      | Killed Dowan
  5210 | D:6      | HP: 13/57 [orc warrior/+0 broad axe (2)]
  5384 | D:6      | Identified 3 scrolls of acquirement
  5384 | D:6      | Acquired the +2 pair of gloves "Hanuce" {Drain rPois Regen+
                  | Str-2}
  5385 | D:6      | Acquired 531 gold pieces
  5386 | D:6      | Acquired the scarf of Surprise {rC+ rF+, rElec}
  5623 | D:6      | Reached skill level 8 in Axes
  5623 | D:6      | Reached skill level 4 in Armour
  5795 | D:7      | Identified the +1 scale mail "Qokhotzy" {+Blink Will+ SInv}
  6040 | D:7      | Found a white marble altar of Elyvilon.
  6060 | D:7      | Reached skill level 7 in Shields
  6060 | D:7      | Reached XP level 10. HP: 64/64 MP: 11/11
  6077 | D:7      | Reached skill level 8 in Fighting
  6080 | D:7      | You pick up a book of Storms and begin reading...
  6080 | D:7      | You add the spells Static Discharge, Airstrike and Summon
                  | Lightning Spire to your library.
  6652 | D:8      | Reached skill level 5 in Armour
  6661 | D:8      | Found a bloodstained altar of Trog.
  6757 | D:8      | Found a runed translucent gate.
  6757 | D:8      | Found a runed translucent gate.
  6757 | D:8      | Found a runed translucent gate.
  6757 | D:8      | Noticed Koushar's ghost (novice FeTm)
  6758 | D:8      | Found an opulent altar of Gozag.
  6758 | D:8      | Noticed a skeletal warrior
  7096 | D:9      | Reached skill level 9 in Axes
  7223 | D:9      | Noticed Pikel
  7238 | D:9      | Killed Pikel
  7301 | D:9      | You pick up a book of Lightning and begin reading...
  7301 | D:9      | You add the spells Vhi's Electric Charge, Arcjolt and
                  | Plasma Beam to your library.
  7368 | D:9      | Reached skill level 8 in Shields
  7392 | D:9      | Reached skill level 6 in Armour
  7406 | D:9      | Found a sacrificial altar of Ru.
  7418 | D:9      | Found Paatau's Magic Scroll Emporium.
  7426 | D:9      | Bought a scroll of enchant armour for 97 gold pieces
  7426 | D:9      | Bought a scroll of enchant weapon for 97 gold pieces
  7426 | D:9      | Bought a scroll of enchant weapon for 97 gold pieces
  7426 | D:9      | Bought a scroll of teleportation for 39 gold pieces
  7426 | D:9      | Bought a scroll of teleportation for 39 gold pieces
  7426 | D:9      | Bought a scroll of identify for 26 gold pieces
  7426 | D:9      | Bought a scroll of identify for 26 gold pieces
  7426 | D:9      | Bought a scroll of identify for 26 gold pieces
  7680 | D:10     | Entered Level 10 of the Dungeon
  7728 | D:10     | Noticed a two-headed ogre
  7739 | D:10     | Killed a two-headed ogre
  7740 | D:10     | Reached skill level 9 in Fighting
  7740 | D:10     | Reached XP level 11. HP: 71/71 MP: 12/12
  7816 | D:10     | Reached skill level 10 in Axes
  7992 | D:10     | You pick up a book of Geomancy and begin reading...
  7992 | D:10     | You add the spells Sandblast and Stone Arrow to your
                  | library.
  8042 | D:10     | Noticed Lodul
  8068 | D:10     | Killed Lodul
  8069 | D:10     | Reached skill level 7 in Armour
  8100 | D:10     | Found an iron altar of Okawaru.
  8181 | D:10     | Found a staircase to the Lair.
  8366 | D:10     | Reached skill level 9 in Shields
  8392 | D:10     | Found a stormy altar of Qazlal.
  8994 | D:11     | You add the spells Mephitic Cloud and Summon Guardian Golem
                  | to your library.
  8994 | D:11     | Got Kogoipniux's Quotidian Witchery
  9129 | D:11     | Found a staircase to the Orcish Mines.
  9158 | D:11     | Noticed a boulder beetle
  9178 | D:11     | Killed a boulder beetle
  9179 | D:11     | Reached skill level 11 in Axes
  9620 | D:12     | Noticed a two-headed ogre
  9635 | D:12     | Killed a two-headed ogre
  9636 | D:12     | Reached skill level 10 in Fighting
  9711 | D:12     | Noticed a cyclops
  9722 | D:12     | Killed a cyclops
  9766 | D:12     | Reached XP level 12. HP: 77/77 MP: 13/13
  9793 | D:12     | Noticed a two-headed ogre
  9803 | D:12     | Killed a two-headed ogre
  9804 | D:12     | Reached skill level 8 in Armour
  9840 | D:12     | Noticed a boulder beetle
  9870 | D:12     | Killed a boulder beetle
  9873 | D:12     | Noticed a boulder beetle
  9907 | D:12     | Killed a boulder beetle
 10285 | D:12     | Noticed a two-headed ogre
 10292 | D:12     | Killed a two-headed ogre
 10300 | D:12     | Found a glowing golden altar of the Shining One.
 10528 | Lair:1   | Entered Level 1 of the Lair of Beasts
 10531 | Lair:1   | Found a bloodstained altar of Trog.
 10559 | Lair:1   | Reached skill level 10 in Shields
 10582 | Lair:1   | Noticed Maggie
 10594 | Lair:1   | Killed Maggie
 10681 | Lair:1   | Noticed Joseph
 10705 | Lair:1   | Reached skill level 12 in Axes
 10718 | Lair:1   | Killed Joseph
 10963 | Lair:1   | Noticed Grum
 11005 | Lair:1   | Killed Grum
 11193 | Lair:1   | Reached skill level 11 in Fighting
 11232 | Lair:1   | Reached skill level 9 in Armour
 11512 | Lair:1   | Found a runed translucent door.
 11512 | Lair:1   | Noticed initializr's ghost (journeyman DrAr)
 11825 | Lair:2   | Found a hole to the Spider Nest.
 11872 | Lair:2   | Noticed Amaemon
 11900 | Lair:2   | Killed Amaemon
 11900 | Lair:2   | Noticed a skyshark
 11904 | Lair:2   | Noticed Urug
 11908 | Lair:2   | Noticed Fannar
 11975 | Lair:2   | Reached XP level 13. HP: 79/84 MP: 14/14
 12070 | Lair:2   | Killed Urug
 12139 | Lair:2   | Found a gate leading to a gauntlet.
 12268 | Gauntlet | Entered a Gauntlet
 12268 | Gauntlet | Found a transporter.
 12271 | Gauntlet | Found a transporter.
 12288 | Gauntlet | Found a transporter.
 12289 | Gauntlet | Found a transporter.
 12309 | Gauntlet | Found a transporter.
 12322 | Gauntlet | Found a transporter.
 12335 | Gauntlet | Found a transporter.
 12355 | Gauntlet | Found a transporter.
 12359 | Gauntlet | Found a transporter.
 12367 | Gauntlet | Found a transporter.
 12381 | Gauntlet | Noticed a green death
 12386 | Gauntlet | Found a transporter.
 12390 | Gauntlet | Found a transporter.
 12394 | Gauntlet | Found a runed translucent door.
 12426 | Gauntlet | Found a runed translucent door.
 12529 | Gauntlet | Killed a green death
 12530 | Gauntlet | Reached skill level 13 in Axes
 12530 | Gauntlet | Reached skill level 11 in Shields
 12564 | Gauntlet | Identified the +0 helmet "Erchoete" {rN+ rCorr Stlth+}
 12643 | Gauntlet | Identified the ring "Buhaesei" {Ice Will+}
 12643 | Gauntlet | Noticed a minotaur
 12671 | Gauntlet | Killed a minotaur
 12708 | Gauntlet | You pick up a book of Spatial Translocations and begin
                  | reading...
 12708 | Gauntlet | You add the spells Blink and Momentum Strike to your
                  | library.
 12797 | Lair:2   | Killed Fannar
 13179 | Lair:3   | Acquired a manual of Translocations
 13220 | Lair:3   | You fall into a shaft and drop 2 floors!
 13220 | Lair:5   | Entered Level 5 of the Lair of Beasts
 13278 | Lair:3   | Noticed Nessos
 13278 | Lair:3   | Found a staircase to the Shoals.
 13313 | Lair:3   | Found a dark tunnel.
 13318 | Volcano  | Entered a volcano
 13442 | Volcano  | Reached skill level 10 in Armour
 13701 | Lair:3   | Noticed Gastronok
 13743 | Lair:2   | Killed Gastronok
 13744 | Lair:2   | Reached skill level 12 in Fighting
 13865 | Lair:3   | Killed Nessos
 13916 | Lair:3   | You pick up a book of Callings and begin reading...
 13916 | Lair:3   | You add the spells Summon Small Mammal and Call Canine
                  | Familiar to your library.
 14028 | Lair:3   | You pick up a book of Fire and begin reading...
 14028 | Lair:3   | You add the spells Foxfire, Fireball and Starburst to your
                  | library.
 14862 | Lair:4   | Reached skill level 14 in Axes
 14986 | Lair:4   | Found a bloodstained altar of Trog.
 15034 | Lair:4   | Found the -2 hat of the Alchemist {rElec rPois rF+ rC+ rN+
                  | Will+ rMut rCorr}
 15066 | Lair:4   | Gained mutation: Your large and strong wings let you fly.
                  | [Gargoyle growth]
 15066 | Lair:4   | Reached XP level 14. HP: 47/92 MP: 15/15
 15094 | Lair:4   | Reached skill level 12 in Shields
 15641 | Lair:4   | Reached skill level 11 in Armour
 16007 | Lair:4   | Reached skill level 13 in Fighting
 16323 | Lair:5   | Found a staircase to the Slime Pits.
 16323 | Lair:5   | Found a viscous altar of Jiyva.
 16338 | Lair:5   | Reached skill level 15 in Axes
 16687 | Lair:5   | You add the spells Ignite Poison and Freezing Cloud to your
                  | library.
 16789 | Lair:5   | Identified the +0 short sword of the Moon {protect, rPois
                  | Int+5 Dex+3}
 17413 | D:13     | Found a runed translucent gate.
 17413 | D:13     | Found a runed translucent gate.
 17413 | D:13     | Found a runed translucent gate.
 17422 | D:13     | Noticed goupaloupa's ghost (journeyman DsFi)
 17642 | D:13     | Reached skill level 13 in Shields
 17644 | D:13     | Reached skill level 12 in Armour
 17644 | D:13     | Reached XP level 15. HP: 94/99 MP: 16/16
 17662 | D:13     | You add the spells Fulminant Prism and Yara's Violent
                  | Unravelling to your library.
 17662 | D:13     | Got the Discursus on Topological Obstruction
 17666 | D:13     | Found a gate to the Vaults.
 17858 | D:13     | Noticed Josephine
 17869 | D:13     | Killed Josephine
 18222 | D:14     | Found the +8 lance "Wyrmbane" {slay drac, rPois rF+ rC+
                  | AC+3}
 18232 | D:14     | Identified the +2 spear of Locus Delicti {heavy, *Corrode
                  | rN+++ Int+5}
 18438 | D:14     | Noticed a lich
 18447 | D:14     | Noticed a lich
 18518 | Orc:1    | Entered Level 1 of the Orcish Mines
 18957 | Orc:1    | Found a radiant altar of Vehumet.
 19057 | Orc:1    | Found Ytayllim's Antique Weapon Shoppe.
 19076 | Orc:2    | Entered Level 2 of the Orcish Mines
 19079 | Orc:2    | Noticed an orc warlord
 19122 | Orc:2    | Killed an orc warlord
 19123 | Orc:2    | Reached skill level 14 in Fighting
 19123 | Orc:2    | Reached skill level 16 in Axes
 19341 | Orc:2    | Found a staircase to the Elven Halls.
 19628 | Orc:2    | Found Celytyol's Book Boutique.
 19628 | Orc:2    | Found Ebbuqal's Assorted Antiques.
 19628 | Orc:2    | Found Ciemigiw's Jewellery Shoppe.
 19661 | Orc:2    | Found Golibb's Jewellery Shop.
 19710 | Orc:2    | Bought a scroll of teleportation for 99 gold pieces
 19710 | Orc:2    | Bought a potion of curing for 99 gold pieces
 19713 | Orc:2    | Bought the ring of the Hare {EV+10} for 1536 gold pieces
 19713 | Orc:2    | Found the ring of the Hare {EV+10}
 20068 | D:14     | You are cast into the Abyss!
 20068 | Abyss:2  | Cast into level 2 of the Abyss (a wizard)
 20177 | Abyss:2  | Found a corrupted altar of Lugonu.
 20181 | Abyss:2  | Found a corrupted altar of Lugonu.
 20181 | Abyss:2  | Found a corrupted altar of Lugonu.
 20221 | Abyss:2  | Noticed a bone dragon
 20281 | Abyss:2  | Noticed a tentacled starspawn
 20299 | Abyss:2  | Killed a tentacled starspawn
 20310 | Abyss:2  | Noticed a lich
 20325 | Abyss:2  | Found a corrupted altar of Lugonu.
 20356 | Abyss:2  | Noticed a tentacled starspawn
 20356 | Abyss:2  | Noticed a tentacled starspawn
 20374 | Abyss:2  | Killed a tentacled starspawn
 20390 | Abyss:2  | Reached skill level 13 in Armour
 20568 | Abyss:2  | Reached skill level 14 in Shields
 20574 | Abyss:2  | Noticed a tentacled starspawn
 20588 | Abyss:2  | Killed a tentacled starspawn
 20594 | Abyss:2  | Found a corrupted altar of Lugonu.
 20647 | Abyss:2  | Paralysed by accursed screaming for 1 turns
 20670 | Abyss:2  | Paralysed by accursed screaming for 1 turns
 20692 | Abyss:2  | HP: 21/101 [sun demon (6)]
 20716 | Abyss:2  | Reached XP level 16. HP: 43/107 MP: 17/17
 20718 | D:14     | You pass through the gate.
 20718 | D:14     | Escaped the Abyss
 20832 | D:14     | Identified the ring "Nynuiph" {rCorr Int+6}
 20843 | D:14     | Identified the ring "Aticaun" {rC+ rCorr SInv}
 20984 | D:14     | Killed a lich
 21104 | D:14     | Identified the ring "Peun" {Contam Str+5 SInv}
 21219 | D:14     | Killed a lich
 21254 | D:14     | Identified a +1 crystal plate armour
 21615 | D:15     | Entered Level 15 of the Dungeon
 21679 | D:15     | Reached skill level 17 in Axes
 21733 | D:15     | Reached skill level 1 in Polearms
 21755 | D:15     | Found a staircase to the Depths.
 21826 | D:15     | Found Ycib's Armour Shoppe.
 22029 | D:15     | HP: 12/107 [very large slime creature[a boggart] (21)]
 22455 | D:15     | Found a radiant altar of Vehumet.
 22879 | D:3      | Fell from the grace of Ignis
 22879 | D:3      | Became a worshipper of Makhleb the Destroyer
 23097 | Spider:1 | Entered Level 1 of the Spider Nest
 23190 | Spider:1 | Reached skill level 2 in Polearms
 23233 | Spider:1 | Reached skill level 15 in Fighting
 23257 | Spider:1 | Identified the +6 arbalest of Plague {freeze, rC+ Dex+5}
 23450 | Spider:1 | Reached * piety under Makhleb
 24584 | Spider:1 | You are sucked into a shaft and drop 1 floor!
 24602 | Spider:2 | Reached skill level 3 in Polearms
 24901 | Spider:2 | Reached ** piety under Makhleb
 24982 | Spider:2 | Reached skill level 14 in Armour
 25176 | Spider:2 | Reached skill level 1 in Invocations
 25191 | Spider:2 | You pick up a book of Decay and begin reading...
 25191 | Spider:2 | You add the spells Dispel Undead and Death Channel to your
                  | library.
 25222 | Spider:2 | Reached XP level 17. HP: 106/113 MP: 18/18
 25371 | Spider:2 | You are sucked into a shaft and drop 1 floor!
 25402 | Spider:3 | Reached skill level 15 in Shields
 25461 | Spider:3 | HP: 13/113 [disintegration (56)]
 25483 | Spider:3 | Reached skill level 2 in Invocations
 25650 | Spider:3 | Reached *** piety under Makhleb
 25850 | Spider:3 | Found a runed translucent door.
 25852 | Spider:3 | You pick up a book of Rime and begin reading...
 25852 | Spider:3 | You add the spells Ice Form and Summon Ice Beast to your
                  | library.
 25912 | Spider:2 | Gained mutation: You occasionally lose the ability to read
                  | scrolls when taking damage. [mutagenic glow]
 25913 | Spider:2 | Reached skill level 3 in Invocations
 26342 | Spider:2 | You are sucked into a shaft and drop 1 floor!
 26413 | Spider:3 | Noticed flestrin's ghost (adept SpEn)
 26445 | Spider:3 | Identified the +3 helmet of the Blessed Realm {-Tele
                  | Rampage SInv}
 26492 | Spider:3 | Reached **** piety under Makhleb
 26517 | Spider:3 | Reached skill level 4 in Invocations
 26651 | Spider:3 | Noticed Bai Suzhen
 26706 | Spider:2 | Killed Bai Suzhen
 26707 | Spider:2 | Reached skill level 1 in Dodging
 26837 | Spider:3 | You are sucked into a shaft and drop 1 floor!
 26837 | Spider:4 | Entered Level 4 of the Spider Nest
 27316 | Shoals:1 | Entered Level 1 of the Shoals
 27436 | Shoals:1 | Noticed Roxanne
 27528 | Shoals:1 | Was forgiven by Ignis
 27800 | Shoals:1 | Reached skill level 5 in Invocations
 27992 | Shoals:1 | Noticed a titan
 28025 | Shoals:1 | Noticed Frances
 28043 | Shoals:1 | Killed Frances
 28053 | Shoals:1 | Killed a titan
 28213 | Shoals:2 | Reached skill level 2 in Dodging
 28232 | Shoals:2 | Acquired the +20 crystal plate armour of the Moon {Dex+3}
 28236 | Shoals:2 | N - the +20 crystal plate armour of the Moon {Dex+3, rare}
 28247 | Shoals:2 | You finish putting on the +20 crystal plate armour of the
                  | Moon {Dex+3, rare}.
 28388 | Shoals:2 | Identified the +3 leather armour "Quytew" {Str+2}
 28394 | Shoals:2 | Reached skill level 6 in Invocations
 28403 | Shoals:2 | Reached skill level 16 in Fighting
 29186 | Shoals:3 | Reached ***** piety under Makhleb
 29337 | Shoals:3 | Reached skill level 15 in Armour
 29364 | Shoals:3 | Reached skill level 7 in Invocations
 29364 | Shoals:3 | Reached XP level 18. HP: 120/120 MP: 23/23
 29451 | Shoals:3 | Reached skill level 3 in Dodging
 30000 | Shoals:4 | Entered Level 4 of the Shoals
 30193 | Shoals:4 | You pick up a book of the Senses and begin reading...
 30193 | Shoals:4 | You add the spells Dazzling Flash, Agony and Silence to
                  | your library.
 30328 | Shoals:4 | Reached skill level 8 in Invocations
 30449 | Shoals:4 | Noticed Mlioglotl
 30460 | Shoals:4 | Paralysed by accursed screaming for 1 turns
 30469 | Shoals:4 | Paralysed by accursed screaming for 2 turns
 30471 | Shoals:4 | HP: 28/122 [Mlioglotl (7)]
 30642 | Shoals:4 | Reached skill level 16 in Shields
 30697 | Shoals:4 | Found a transporter.
 30755 | Shoals:4 | Found a transporter.
 30936 | Shoals:4 | You add the spells Summon Forest, Eringya's Noxious Bog and
                  | Summon Hydra to your library.
 30977 | Shoals:4 | Reached ****** piety under Makhleb
 30984 | Shoals:4 | Reached skill level 4 in Dodging
 31005 | Shoals:4 | Found the +7 great mace "Undeadhunter" {deathbane, rN+}
 31042 | Shoals:4 | Noticed rigao's ghost (adept DgCj)
 31107 | Shoals:4 | Reached skill level 9 in Invocations
 31165 | Shoals:4 | Got a barnacled rune of Zot
 31193 | Shoals:4 | Identified the +0 leather armour "Pun Tye" {rPois Will+}
 31209 | Shoals:4 | Killed Mlioglotl
 31894 | D:8      | Lost mutation: You occasionally lose the ability to read
                  | scrolls when taking damage. [potion of mutation]
 31894 | D:8      | Gained mutation: You possess an exceptional clarity of
                  | mind. [potion of mutation]
 31894 | D:8      | Gained mutation: You occasionally shout uncontrollably at
                  | your foes. [potion of mutation]
 31927 | D:8      | Killed Koushar's ghost
 32161 | Lair:1   | Killed initializr's ghost
 32323 | Shoals:1 | Killed Roxanne
 32325 | Shoals:1 | You pick up a book of the Earth and begin reading...
 32325 | Shoals:1 | You add the spells Leda's Liquefaction, Lee's Rapid
                  | Deconstruction and Leda's Unmaking to your library.
 32564 | D:13     | Killed goupaloupa's ghost
 33107 | Spider:3 | Killed flestrin's ghost
 33162 | Spider:4 | Reached skill level 10 in Invocations
 33469 | Spider:4 | Reached XP level 19. HP: 127/127 MP: 26/26
 33623 | Spider:4 | Reached skill level 5 in Dodging
 33643 | Spider:4 | Reached skill level 17 in Fighting
 33822 | Spider:4 | Reached skill level 16 in Armour
 33879 | Spider:4 | Reached skill level 11 in Invocations
 34022 | Spider:4 | Got a gossamer rune of Zot
 34395 | Vaults:1 | Entered Level 1 of the Vaults
 34924 | Vaults:1 | Found Zoebbier's Weapon Shoppe.
 35473 | Vaults:1 | Reached skill level 12 in Invocations
 35677 | Vaults:2 | Reached skill level 6 in Dodging
 35677 | Vaults:2 | Reached skill level 17 in Shields
 35736 | Vaults:2 | Identified the +1 pair of gloves of Cuffiasch {Rampage
                  | rElec Str+2}
 36711 | Vaults:2 | Identified a potion of experience
 36712 | Vaults:2 | Reached skill level 13 in Invocations
 36712 | Vaults:2 | Reached XP level 20. HP: 136/136 MP: 29/29
 36793 | Vaults:3 | Reached XP level 21. HP: 140/140 MP: 30/30
 37134 | Vaults:3 | Reached skill level 17 in Armour
 37178 | Vaults:3 | Reached skill level 7 in Dodging
 37195 | Vaults:3 | Reached skill level 18 in Fighting
 37314 | Vaults:3 | Identified the +3 arbalest "Moxa" {flame, rN+}
 37780 | Vaults:3 | Noticed a bone dragon
 37793 | Vaults:3 | Killed a bone dragon
 37795 | Vaults:3 | Found a staircase to the Crypt.
 37959 | Vaults:3 | Noticed an ancient lich
 37997 | Vaults:3 | Killed an ancient lich
 38165 | Vaults:3 | Identified the orb of Guynadeg {guile, rC++}
 38181 | Vaults:3 | Identified the ring of Starshine {rN+ Dex+6}
 38189 | Vaults:3 | Identified the amulet "Daigiv" {Reflect Harm *Slow Int+3
                  | Dex+2 SH+5}
 38304 | Vaults:3 | Identified the +5 chain mail "Maeprut" {rElec}
 38610 | Vaults:4 | Reached skill level 18 in Shields
 38618 | Vaults:4 | Reached skill level 14 in Invocations
 38845 | Vaults:4 | Reached skill level 8 in Dodging
 39242 | Vaults:4 | Reached XP level 22. HP: 148/148 MP: 32/32
 39481 | Vaults:4 | You add the spells Ozocubu's Armour and Ozocubu's
                  | Refrigeration to your library.
 39496 | Vaults:4 | Reached skill level 18 in Armour
 40055 | Elf:1    | Entered Level 1 of the Elven Halls
 40208 | Elf:1    | Reached skill level 19 in Fighting
 40362 | Elf:1    | Found a runed translucent gate.
 40363 | Elf:1    | Found a runed translucent gate.
 40364 | Elf:1    | Found a runed translucent gate.
 40364 | Elf:1    | Noticed Zachyss's ghost (adept MiFi)
 40365 | Elf:1    | Noticed Esmu's ghost (adept MiFi)
 40448 | Elf:1    | Reached skill level 9 in Dodging
 40523 | Elf:1    | Noticed Azrael
 40547 | Elf:1    | Killed Azrael
 40637 | Elf:1    | Noticed Nikola
 40657 | Elf:1    | Killed Nikola
 41137 | Elf:2    | Found a runed translucent gate.
 41137 | Elf:2    | Found a runed translucent gate.
 41137 | Elf:2    | Found a runed translucent gate.
 41150 | Elf:2    | Found Ruren's Jewellery Shoppe.
 41150 | Elf:2    | Found Urauz's Weapon Emporium.
 41209 | Elf:2    | Found a portal to a secret trove of treasure.
 41230 | Elf:2    | This trove needs +3 shadow dragon scales to function. Give
                  | it the item?
 41441 | Elf:2    | Reached skill level 19 in Shields
 41747 | Elf:2    | You are cast into the Abyss!
 41747 | Abyss:4  | Found a corrupted altar of Lugonu.
 41747 | Abyss:4  | Cast into level 4 of the Abyss (+4 executioner's axe of
                  | distortion)
 41913 | Abyss:4  | Got an abyssal rune of Zot
 41980 | Abyss:4  | Noticed a dread lich
 42037 | Elf:2    | You pass through the gate.
 42037 | Elf:2    | Escaped the Abyss
 42332 | Elf:3    | Entered Level 3 of the Elven Halls
 42360 | Elf:3    | Reached skill level 10 in Dodging
 42380 | Elf:3    | Reached skill level 19 in Armour
 42562 | Elf:3    | Reached XP level 23. HP: 109/156 MP: 33/33
 42681 | Elf:3    | Reached skill level 20 in Fighting
 42787 | Elf:3    | Identified the +7 quarterstaff of Waixy {drain, rCorr
                  | Int+4}
 42836 | Elf:3    | Found the +11 Singing Sword {sonic wave}
 42860 | Elf:3    | Identified the +0 arbalest of Mykyiceh {drain, rC- Will-
                  | Str+7}
 42889 | Elf:3    | You add the spells Sting, Poisonous Vapours and Olgreb's
                  | Toxic Radiance to your library.
 42977 | Elf:3    | Identified the +2 glaive "Hubrynyo" {flame, *Noise Int-4
                  | Dex+8 Stlth+}
 42978 | Elf:3    | Identified the +5 glaive of Cygh {drain, rElec}
 42979 | Elf:3    | Identified the ring "Loagy" {rElec Int+2 Slay+4}
 42984 | Elf:3    | You add the spells Alistair's Intoxication and Borgnjor's
                  | Vile Clutch to your library.
 42991 | Elf:3    | Identified the staff of Proximity {Str+6 Dex-5 Earth}
 43012 | Elf:3    | You pick up a book of Transfigurations and begin reading...
 43012 | Elf:3    | You add the spells Irradiate, Blade Hands and Dragon Form
                  | to your library.
 43051 | Elf:3    | Identified the ring of Ydatamu {rPois rC+}
 43228 | Elf:3    | Found Uchucete's Magic Scroll Shoppe.
 43293 | Elf:3    | Bought a scroll of blinking for 127 gold pieces
 43293 | Elf:3    | Bought a scroll of blinking for 127 gold pieces
 43293 | Elf:3    | Bought a scroll of butterflies for 68 gold pieces
 43293 | Elf:3    | Bought a scroll of enchant armour for 127 gold pieces
 43293 | Elf:3    | Bought a scroll of teleportation for 51 gold pieces
 43293 | Elf:3    | Bought a scroll of teleportation for 51 gold pieces
 43293 | Elf:3    | Bought a scroll of teleportation for 51 gold pieces
 43822 | Elf:1    | Paralysed by an air elemental for 1 turns
 44009 | Depths:1 | Entered Level 1 of the Depths
 44278 | Depths:1 | Reached skill level 20 in Shields
 44525 | Depths:1 | Found a gateway to Hell.
 44688 | Depths:1 | Found Lenug's One-of-a-Kind Rings.
 44745 | Depths:1 | Found a sacrificial altar of Ru.
 44747 | Depths:1 | Found a shimmering blue altar of Sif Muna.
 44747 | Depths:1 | Found an iron altar of Okawaru.
 44749 | Depths:1 | Found a shimmering altar of Xom.
 44749 | Depths:1 | Found an iron altar of Okawaru.
 44749 | Depths:1 | Found a shimmering altar of Xom.
 45046 | Depths:2 | Found a broken altar of Ashenzari.
 45087 | Depths:2 | Reached skill level 15 in Invocations
 45156 | Depths:2 | Found a one-way gate leading to the halls of Pandemonium.
 45193 | Depths:2 | Reached skill level 11 in Dodging
 45597 | Depths:2 | You pick up a book of the Hunter and begin reading...
 45671 | Depths:2 | Reached XP level 24. HP: 164/164 MP: 34/34
 45686 | Depths:2 | Found Husholui's Book Emporium.
 45686 | Depths:2 | Found Haxypuip's Jewellery Shop.
 45687 | Depths:2 | Found Joder's Book Emporium.
 45695 | Depths:2 | Bought the amulet "Puxu" {rF+ rC+ Regen+ Str-5 Slay+6} for
                  | 1116 gold pieces
 45779 | Depths:2 | Reached skill level 20 in Armour
 45854 | Depths:2 | Paralysed by a floating eye for 2 turns
 46402 | Depths:3 | Noticed a juggernaut
 46451 | Depths:3 | Killed a juggernaut
 46585 | Depths:3 | Reached skill level 21 in Fighting
 46764 | Depths:3 | Noticed a caustic shrike
 46793 | Depths:3 | Killed a caustic shrike
 47034 | Depths:3 | Identified the +1 falchion of Connaeciu {heavy, rC+ Int+3}
 47035 | Depths:3 | Identified the +7 falchion "Coruduv" {drain, *Noise rN++}
 47319 | Depths:3 | Found a one-way gateway to a ziggurat.
 47468 | Depths:3 | Reached skill level 12 in Dodging
 47630 | Depths:3 | Found a one-way gate to the infinite horrors of the Abyss.
 47701 | Depths:3 | Reached skill level 21 in Shields
 47893 | Depths:4 | Entered Level 4 of the Depths
 48133 | Depths:4 | Acquired the scarf "Jyunuov" {repulsion, Rampage rPois}
 48159 | Depths:4 | Noticed a caustic shrike
 48159 | Depths:4 | Noticed a caustic shrike
 48160 | Depths:4 | Noticed a caustic shrike
 48176 | Depths:4 | Killed a caustic shrike
 48180 | Depths:4 | Killed a caustic shrike
 48185 | Depths:4 | Killed a caustic shrike
 48189 | Depths:4 | Found a sparkling altar of Nemelex Xobeh.
 48327 | Depths:4 | Identified +0 gold dragon scales
 48328 | Depths:4 | Reached skill level 21 in Armour
 48370 | Depths:4 | Reached XP level 25. HP: 172/172 MP: 34/34
 48380 | Depths:4 | c - +0 shadow dragon scales {rare}
 48452 | Depths:4 | Found a glowing golden altar of the Shining One.
 48542 | Depths:4 | Found an opulent altar of Gozag.
 48618 | Depths:4 | Found a radiant altar of Vehumet.
 48838 | Depths:4 | Found a gate to the Realm of Zot.
 49770 | Elf:2    | This trove needs +3 shadow dragon scales to function. Give
                  | it the item?
 49770 | Elf:2    | your +0 shadow dragon scales {rare} glow green for a
                  | moment.
 49771 | Elf:2    | your +1 shadow dragon scales {rare} glow green for a
                  | moment.
 49772 | Elf:2    | your +2 shadow dragon scales {rare} glow green for a
                  | moment.
 49773 | Elf:2    | This trove needs +3 shadow dragon scales to function. Give
                  | it the item?
 49773 | Elf:2    | You paid a toll of +3 shadow dragon scales to enter a
                  | treasure trove
 49774 | Trove    | Entered a treasure trove
 49788 | Trove    | You add the spells Apportation, Passage of Golubria,
                  | Enfeeble and Disjunction to your library.
 49788 | Trove    | Got Efiadahi's Omnibus of Execration and Transportation
 49839 | Trove    | You add the spells Slow and Conjure Ball Lightning to your
                  | library.
 49839 | Trove    | Got Ocoheuch's Directory of the Scintillating Sphinx
 49842 | Trove    | You add the spells Volatile Blastmotes, Confusing Touch and
                  | Cause Fear to your library.
 49842 | Trove    | Got Nois's Elucidation of Entranced Places
 50325 | Vaults:5 | Entered Level 5 of the Vaults
 50339 | Vaults:5 | Reached skill level 22 in Fighting
 50363 | Vaults:5 | Reached skill level 13 in Dodging
 50411 | Vaults:5 | Noticed Jory
 50424 | Vaults:5 | Identified +0 gold dragon scales
 50437 | Vaults:5 | Reached skill level 16 in Invocations
 50450 | Vaults:5 | Paralysed by a sphinx for 4 turns
 50457 | Vaults:5 | Reached skill level 22 in Armour
 50457 | Vaults:5 | Reached skill level 22 in Shields
 50519 | Vaults:5 | Killed Jory
 50667 | Vaults:5 | You add the spells Malign Gateway and Summon Horrible
                  | Things to your library.
 50871 | Vaults:5 | Identified the +6 halberd "Suhamic" {vamp, *Noise rElec
                  | Dex+5 Stlth+}
 50893 | Vaults:5 | Reached skill level 14 in Dodging
 50912 | Vaults:5 | Identified +0 gold dragon scales
 51060 | Vaults:5 | You pick up a book of Dangerous Friends and begin
                  | reading...
 51060 | Vaults:5 | You add the spells Orb of Destruction and Spellforged
                  | Servitor to your library.
 51112 | Vaults:5 | You pick up a book of Weapons and begin reading...
 51245 | Vaults:5 | Found the dreamshard necklace {Acrobat *Dream}
 51252 | Vaults:5 | Got a silver rune of Zot
 51278 | Vaults:5 | You pick up a book of Annihilations and begin reading...
 51278 | Vaults:5 | You add the spells Chain Lightning, Fire Storm and Shatter
                  | to your library.
 51758 | Slime:1  | Entered Level 1 of the Pits of Slime
 51930 | Slime:2  | Reached XP level 26. HP: 180/180 MP: 35/35
 51936 | Slime:2  | Reached skill level 17 in Invocations
 52991 | Slime:3  | Reached skill level 23 in Armour
 53487 | Slime:4  | Reached skill level 15 in Dodging
 53675 | Slime:5  | Entered Level 5 of the Pits of Slime
 53723 | Slime:5  | Reached skill level 23 in Fighting
 53797 | Slime:5  | Found a viscous altar of Jiyva.
 53877 | Slime:5  | Noticed the Royal Jelly
 54136 | Slime:5  | Killed the Royal Jelly
 54209 | Slime:5  | Found the amulet of the Air {Inacc Air Fly rElec RMsl}
 54305 | Slime:5  | Got a slimy rune of Zot
 54370 | Slime:5  | You pick up a book of Scorching and begin reading...
 54370 | Slime:5  | You add the spells Flame Wave and Summon Cactus Giant to
                  | your library.
 54381 | Slime:5  | You pick up a book of the Moon and begin reading...
 54382 | Slime:5  | Identified the +7 plate armour of Ghostly Freedom {rF+
                  | Str+4 Int+3}
 54402 | Slime:5  | You pick up a book of Blood and begin reading...
 54410 | Slime:5  | You pick up a book of the Warp and begin reading...
 55097 | Elf:1    | Killed Esmu's ghost
 55122 | Elf:1    | Killed Zachyss's ghost
 55127 | Elf:1    | Identified the ring "Gemuanav" {rElec rF+ rCorr Dex+2
                  | Stlth-}
 55426 | Shoals:4 | Killed rigao's ghost
 55428 | Shoals:4 | Identified the ring "Gemyuloa" {rElec rF+ Slay+4}
 55780 | Crypt:1  | Entered Level 1 of the Crypt
 56046 | Crypt:1  | Reached skill level 23 in Shields
 56093 | Crypt:1  | Reached skill level 24 in Armour
 56096 | Crypt:1  | Paralysed by something for 4 turns
 56195 | Crypt:1  | Noticed a curse skull
 56227 | Crypt:1  | Killed a curse skull
 56337 | Crypt:1  | Reached skill level 16 in Dodging
 56657 | Crypt:2  | You pick up a book of Spectacle and begin reading...
 57162 | Crypt:3  | Entered Level 3 of the Crypt
 57465 | Crypt:3  | Reached XP level 27. HP: 188/188 MP: 35/35
 57518 | Crypt:3  | Noticed a curse skull
 57548 | Crypt:3  | Killed a curse skull
 58024 | Crypt:3  | Identified the +1 cloak "Ukekh" {Harm Str+6 Int-2}
 58106 | Crypt:3  | Identified the +3 leather armour of Demons {+Blink rC+++
                  | Will+ Stlth-}
 58276 | Crypt:3  | Found a staircase to the Tomb.
 58276 | Crypt:3  | Noticed a dread lich
 58289 | Crypt:3  | Killed a dread lich
 58401 | Crypt:3  | Found an ancient bone altar of Kikubaaqudgha.
 58403 | Crypt:3  | Noticed a dread lich
 58418 | Crypt:3  | Killed a dread lich
 58426 | Crypt:3  | Noticed a dread lich
 58434 | Crypt:3  | Paralysed by a dread lich for 3 turns
 58467 | Crypt:3  | Killed a dread lich
 58473 | Crypt:3  | Reached skill level 17 in Dodging
 58484 | Crypt:3  | You pick up a book of Power and begin reading...
 58487 | Crypt:3  | You add the spells Borgnjor's Revivification, Necromutation
                  | and Death's Door to your library.
 59137 | Zot:1    | Entered Level 1 of the Realm of Zot
 59188 | Depths:4 | Reached skill level 24 in Fighting
 59257 | Zot:1    | Reached skill level 25 in Armour
 59423 | Zot:1    | Noticed Oczupsu's ghost (legendary GrFi)
 59466 | Zot:1    | Found a runed translucent gate.
 59466 | Zot:1    | Found a runed translucent gate.
 59481 | Zot:1    | Found a runed translucent gate.
 60364 | Zot:2    | Reached skill level 24 in Shields
 61063 | Zot:3    | Reached skill level 18 in Dodging
 61307 | Zot:3    | Identified the +2 robe of the Big Bang {+Inv Will+ Str-3
                  | Archmagi}
 61455 | Zot:3    | Identified +6 gold dragon scales
 61455 | Zot:3    | Noticed Parghit
 61607 | Zot:3    | Killed Parghit
 61613 | Zot:3    | 4 large rocks {=f}; +6 gold dragon scales {rare}; the troll
                  | corpse of Parghit
 61682 | Zot:3    | Noticed a curse toe
 61700 | Zot:3    | Killed a curse toe
 62207 | Zot:3    | quicksilver dragon scales {rare}; a quicksilver dragon
                  | corpse
 62213 | Zot:3    | quicksilver dragon scales {rare}; a quicksilver dragon
                  | corpse
 62481 | Zot:4    | Noticed an orb of fire
 62517 | Zot:4    | Killed an orb of fire
 62694 | Zot:4    | Identified +0 gold dragon scales
 62716 | Zot:4    | Found a hide-covered altar of Uskayaw.
 62897 | Zot:4    | Reached skill level 25 in Fighting
 63041 | Zot:4    | Reached skill level 19 in Dodging
 63149 | Zot:4    | Noticed an orb of fire
 63150 | Zot:4    | Gained mutation: Your spells are a little easier to cast,
                  | but a little less powerful. [an orb of fire]
 63157 | Zot:4    | Killed an orb of fire
 63158 | Zot:4    | Reached skill level 26 in Armour
 63415 | Zot:5    | Entered Level 5 of the Realm of Zot
 63804 | Zot:5    | Reached skill level 25 in Shields
 63942 | Zot:5    | Noticed an orb of fire
 63944 | Zot:5    | Noticed an orb of fire
 63945 | Zot:5    | Noticed a curse toe
 63945 | Zot:5    | Noticed an orb of fire
 63947 | Zot:5    | Gained mutation: You occasionally lose the ability to read
                  | scrolls when taking damage. [an orb of fire]
 63949 | Zot:5    | Gained mutation: You are weak. (Str -2) [an orb of fire]
 63956 | Zot:5    | Noticed an orb of fire
 63957 | Zot:5    | Noticed an electric golem
 63958 | Zot:5    | Noticed a dread lich
 63959 | Zot:5    | Killed an orb of fire
 63959 | Zot:5    | Killed an orb of fire
 63963 | Zot:5    | Killed a curse toe
 63966 | Zot:5    | Killed an orb of fire
 63969 | Zot:5    | Gained mutation: You frequently scream uncontrollably at
                  | your foes. [an orb of fire]
 63972 | Zot:5    | Killed a dread lich
 63972 | Zot:5    | Killed an orb of fire
 63981 | Zot:5    | Killed an electric golem
 64035 | Zot:5    | Noticed a dread lich
 64049 | Zot:5    | Killed a dread lich
 64091 | Zot:5    | Noticed an ancient lich
 64092 | Zot:5    | Noticed an orb of fire
 64099 | Zot:5    | Killed an ancient lich
 64103 | Zot:5    | Killed an orb of fire
 64124 | Zot:5    | Noticed an electric golem
 64126 | Zot:5    | Noticed an ancient lich
 64140 | Zot:5    | Killed an ancient lich
 64162 | Zot:5    | Killed an electric golem
 64294 | Zot:5    | the +20 crystal plate armour of the Moon {Dex+3, rare}
                  | melds into your body.
 64322 | Zot:5    | the +20 crystal plate armour of the Moon {Dex+3, rare}
                  | unmelds from your body.
 64468 | Hell     | Entered the Vestibule of Hell
 64468 | Hell     | Noticed Geryon
 64486 | Hell     | Found a gateway to the ashen valley of Gehenna.
 64529 | Hell     | Reached skill level 26 in Fighting
 64529 | Hell     | Noticed Murray
 64556 | Hell     | Reached skill level 20 in Dodging
 64567 | Hell     | Killed Murray
 64580 | Hell     | Reached skill level 27 in Armour
 64601 | Hell     | Killed Geryon
 64740 | Hell     | Found a gateway to the Iron City of Dis.
 64792 | Hell     | Found a gateway to the freezing wastes of Cocytus.
 64909 | Hell     | Reached skill level 26 in Shields
 64935 | Hell     | Found a gateway to the decaying netherworld of Tartarus.
 65055 | Hell     | Lost mutation: You frequently scream uncontrollably at your
                  | foes. [potion of mutation]
 65055 | Hell     | Lost mutation: You occasionally shout uncontrollably at
                  | your foes. [potion of mutation]
 65055 | Hell     | Lost mutation: You are weak. (Str -2) [potion of mutation]
 65055 | Hell     | Gained mutation: You are clumsy. (Dex -2) [potion of
                  | mutation]
 65056 | Hell     | Lost mutation: You are clumsy. (Dex -2) [potion of
                  | mutation]
 65056 | Hell     | Lost mutation: You possess an exceptional clarity of mind.
                  | [potion of mutation]
 65056 | Hell     | Gained mutation: You are frail. (-10% HP) [potion of
                  | mutation]
 65056 | Hell     | Gained mutation: You possess an exceptional clarity of
                  | mind. [potion of mutation]
 65056 | Hell     | Gained mutation: You are very frail. (-20% HP) [potion of
                  | mutation]
 65056 | Hell     | Gained mutation: Your skin changes colour to match your
                  | surroundings (Stealth+). [potion of mutation]
 65057 | Hell     | Lost mutation: You are very frail. (-20% HP) [potion of
                  | mutation]
 65057 | Hell     | Lost mutation: You are frail. (-10% HP) [potion of
                  | mutation]
 65057 | Hell     | Gained mutation: Your flesh is cold resistant. (rC+)
                  | [potion of mutation]
 65057 | Hell     | Lost mutation: You possess an exceptional clarity of mind.
                  | [potion of mutation]
 65058 | Hell     | Lost mutation: Your skin changes colour to match your
                  | surroundings (Stealth+). [potion of mutation]
 65058 | Hell     | Lost mutation: Your spells are a little easier to cast, but
                  | a little less powerful. [potion of mutation]
 65058 | Hell     | Lost mutation: You occasionally lose the ability to read
                  | scrolls when taking damage. [potion of mutation]
 65058 | Hell     | Gained mutation: Your magical capacity is low. (-10% MP)
                  | [potion of mutation]
 65058 | Hell     | Lost mutation: Your flesh is cold resistant. (rC+) [potion
                  | of mutation]
 65058 | Hell     | Gained mutation: Your spells are a little harder to cast,
                  | but a little more powerful. [potion of mutation]
 65118 | Pan      | Entered Pandemonium
 65249 | Pan      | Entered the realm of Cerebov.
 65756 | Pan      | Found the +6 sword of Cerebov {flame}
 65756 | Pan      | Noticed Cerebov
 65756 | Pan      | Cerebov, Demon Lord of Fire and Steel comes into view. They
                  | are wielding the +6 sword of Cerebov {flame}.
 65790 | Pan      | Killed Cerebov
 65828 | Pan      | Got a fiery rune of Zot
 65847 | Pan      | Identified the +1 spear "Zyubuf" {flame, rF++ Stlth+}
 65852 | Pan      | Identified the +1 chain mail of Bellicose Freedom {rN+}
 65872 | Pan      | You pick up a book of Iron and begin reading...
 65898 | Pan      | Identified the +3 war axe of Fear {heavy, rF+ rCorr Dex-3
                  | Stlth+}
 65937 | Pan      | Identified the +1 ring mail of the Bulwark {rC+}
 65997 | Pan      | You pick up a book of Minor Magic and begin reading...
 65997 | Pan      | You add the spells Magic Dart and Call Imp to your library.
 66403 | Pan      | HP: 39/197 [Brimstone Fiend/damnation (37)]
 66529 | Pan      | Acquired a manual of Air Magic
 67238 | Pan      | Entered the realm of Lom Lobon.
 67275 | Pan      | Noticed Lom Lobon
 67301 | Pan      | Killed Lom Lobon
 67302 | Pan      | Reached skill level 27 in Fighting
 67308 | Pan      | Got a magical rune of Zot
 67609 | Pan      | Reached skill level 21 in Dodging
 67617 | Pan      | Reached skill level 27 in Shields
 68174 | Pan      | Noticed Memeza the pandemonium lord
 68195 | Pan      | Killed Memeza the pandemonium lord
 68446 | Pan      | Noticed Ignacio
 68456 | Pan      | Killed Ignacio
 68457 | Pan      | Reached skill level 22 in Dodging
 68501 | Pan      | Found an exit through the horrors of the Abyss.
 68827 | Pan      | Found an exit through the horrors of the Abyss.
 68917 | Pan      | Found a transporter.
 68934 | Pan      | Found a transporter.
 69360 | Pan      | Entered the realm of Gloorx Vloq.
 69642 | Pan      | Noticed a curse skull
 69643 | Pan      | Noticed a curse skull
 69651 | Pan      | Killed a curse skull
 69656 | Pan      | Killed a curse skull
 69755 | Pan      | Noticed Gloorx Vloq
 69770 | Pan      | Killed Gloorx Vloq
 69771 | Pan      | Reached skill level 23 in Dodging
 69833 | Pan      | Got a dark rune of Zot
 70375 | Pan      | Noticed Wibenikk the pandemonium lord
 70390 | Pan      | HP: 31/199 [Wibenikk the pandemonium lord (26)]
 70594 | Pan      | Gained mutation: Armour fits poorly on your strangely
                  | shaped body. [a neqoxec]
 70612 | Pan      | Killed Wibenikk the pandemonium lord
 70957 | Pan      | Reached skill level 24 in Dodging
 71262 | Pan      | Found a huge runed translucent gate.
 71263 | Pan      | Found a huge runed translucent gate.
 71264 | Pan      | Found a huge runed translucent gate.
 71264 | Pan      | Found a huge runed translucent gate.
 71265 | Pan      | Found a huge runed translucent gate.
 71265 | Pan      | Found a huge runed translucent gate.
 71266 | Pan      | Found a huge runed translucent gate.
 71266 | Pan      | Found a huge runed translucent gate.
 71267 | Pan      | Found a huge runed translucent gate.
 71267 | Pan      | Found a huge runed translucent gate.
 71267 | Pan      | Found a huge runed translucent gate.
 71268 | Pan      | Found a huge runed translucent gate.
 71268 | Pan      | Found a huge runed translucent gate.
 71268 | Pan      | Found a huge runed translucent gate.
 71268 | Pan      | Found a huge runed translucent gate.
 71268 | Pan      | Found a huge runed translucent gate.
 71269 | Pan      | Found a huge runed translucent gate.
 71269 | Pan      | Found a huge runed translucent gate.
 71269 | Pan      | Found a huge runed translucent gate.
 71269 | Pan      | Found a huge runed translucent gate.
 71269 | Pan      | Found a huge runed translucent gate.
 71269 | Pan      | Noticed Muimaacent the pandemonium lord
 71857 | Pan      | You pick up a book of Unlife and begin reading...
 72184 | Pan      | Entered the realm of Mnoleg.
 72548 | Pan      | Gained mutation: You are weak. (Str -2) [a neqoxec]
 72774 | Pan      | Found an exit through the horrors of the Abyss.
 73014 | Pan      | Gained mutation: You do not regenerate when monsters are
                  | visible. [a neqoxec]
 73097 | Pan      | Gained mutation: You occasionally shout uncontrollably at
                  | your foes. [a neqoxec]
 73102 | Pan      | Gained mutation: You have hidden genetic defects. [a
                  | cacodemon]
 73110 | Pan      | Gained mutation: You frequently scream uncontrollably at
                  | your foes. [a cacodemon]
 73129 | Pan      | Noticed Mnoleg
 73160 | Pan      | Killed Mnoleg
 73161 | Pan      | Reached skill level 25 in Dodging
 73203 | Pan      | Got a glowing rune of Zot
 73325 | Pan      | Gained mutation: You occasionally lose the ability to drink
                  | potions when taking damage. [a cacodemon]
 73515 | Pan      | Gained mutation: You are vulnerable to cold. (rC-) [a
                  | cacodemon]
 73545 | Pan      | Lost mutation: You have hidden genetic defects. [potion of
                  | mutation]
 73545 | Pan      | Lost mutation: Your magical capacity is low. (-10% MP)
                  | [potion of mutation]
 73545 | Pan      | Lost mutation: You frequently scream uncontrollably at your
                  | foes. [potion of mutation]
 73545 | Pan      | Gained mutation: You are partially covered in large bone
                  | plates. (SH +4) [potion of mutation]
 73545 | Pan      | Gained mutation: You are covered in fur. (AC +1) [potion of
                  | mutation]
 73546 | Pan      | Lost mutation: You occasionally lose the ability to drink
                  | potions when taking damage. [potion of mutation]
 73546 | Pan      | Lost mutation: You do not regenerate when monsters are
                  | visible. [potion of mutation]
 73546 | Pan      | Gained mutation: You expend magic power (3 MP) to
                  | strengthen your wands. [potion of mutation]
 73546 | Pan      | Gained mutation: You have supernaturally acute eyesight.
                  | (SInv) [potion of mutation]
 73546 | Pan      | Lost mutation: You occasionally shout uncontrollably at
                  | your foes. [potion of mutation]
 73547 | Pan      | Lost mutation: You have supernaturally acute eyesight.
                  | (SInv) [potion of mutation]
 73547 | Pan      | Lost mutation: You are covered in fur. (AC +1) [potion of
                  | mutation]
 73547 | Pan      | Gained mutation: You are frail. (-10% HP) [potion of
                  | mutation]
 73547 | Pan      | Gained mutation: You are somewhat resistant to further
                  | mutation. [potion of mutation]
 73586 | Pan      | Noticed Kuimubb the pandemonium lord
 73602 | Pan      | Killed Kuimubb the pandemonium lord
 74563 | Pan      | Noticed Fussox the pandemonium lord
 74591 | Pan      | Killed Fussox the pandemonium lord
 74604 | Pan      | Reached skill level 26 in Dodging
 74620 | Pan      | Got a demonic rune of Zot
 74796 | Pan      | Found an exit through the horrors of the Abyss.
 75309 | Pan      | Noticed Orcheuno the pandemonium lord
 75330 | Pan      | Killed Orcheuno the pandemonium lord
 75624 | Pan      | Found an exit through the horrors of the Abyss.
 76163 | Pan      | Noticed Ofao the pandemonium lord
 76192 | Pan      | Killed Ofao the pandemonium lord
 76629 | Pan      | Found an exit through the horrors of the Abyss.
 76664 | Pan      | Reached skill level 27 in Dodging
 76938 | Pan      | Reached skill level 18 in Axes
 77236 | Pan      | Noticed Jauwnear the pandemonium lord
 77252 | Pan      | Killed Jauwnear the pandemonium lord
 77263 | Pan      | HP: 43/179 [Hell Sentinel/damnation (31)]
 77839 | Pan      | Reached skill level 19 in Axes
 77854 | Pan      | a +6 double sword of electrocution {rare}; a +3 heavy
                  | arbalest; a +7 plate armour of ponderousness
 77861 | Depths:4 | You pass through the gate.
 77861 | Depths:4 | Escaped Pandemonium
 77878 | Depths:4 | a +2 heavy scimitar; a +0 dire flail; +0 storm dragon
                  | scales {rare}
 78716 | Zot:1    | Killed Oczupsu's ghost
 78803 | Zot:1    | You pick up a book of Hexes and begin reading...
 78813 | Zot:1    | Lost mutation: Your spells are a little harder to cast, but
                  | a little more powerful. [potion of mutation]
 78813 | Zot:1    | Lost mutation: You are partially covered in large bone
                  | plates. (SH +4) [potion of mutation]
 78825 | Zot:1    | +0 storm dragon scales {rare}; a ghost moth corpse; a storm
                  | dragon corpse
 78905 | Tar:1    | Entered Level 1 of Tartarus
 78905 | Tar:1    | You are sucked into a shaft and drop 1 floor!
 78956 | Tar:2    | Reached skill level 20 in Axes
 78992 | Tar:2    | Noticed an ancient lich
 79002 | Tar:2    | Killed an ancient lich
 79388 | Tar:4    | Reached skill level 1 in Throwing
 79388 | Tar:4    | Reached skill level 1 in Evocations
 79456 | Tar:4    | Reached skill level 2 in Throwing
 79456 | Tar:4    | Reached skill level 2 in Evocations
 79625 | Tar:5    | Reached skill level 3 in Throwing
 79633 | Tar:5    | Reached skill level 3 in Evocations
 79764 | Tar:5    | Reached skill level 4 in Throwing
 79764 | Tar:5    | Reached skill level 4 in Evocations
 79978 | Tar:7    | Entered Level 7 of Tartarus
 79996 | Tar:7    | Reached skill level 5 in Throwing
 80007 | Tar:7    | Reached skill level 5 in Evocations
 80065 | Tar:7    | Reached skill level 6 in Throwing
 80070 | Tar:7    | Reached skill level 6 in Evocations
 80326 | Tar:7    | Reached skill level 7 in Throwing
 80330 | Tar:7    | Reached skill level 7 in Evocations
 80481 | Tar:7    | Noticed Ereshkigal
 80489 | Tar:7    | Noticed the Serpent of Hell
 80996 | Tar:7    | Reached skill level 8 in Throwing
 81004 | Tar:7    | Reached skill level 8 in Evocations
 81090 | Tar:7    | Reached skill level 21 in Axes
 81178 | Tar:7    | You pick up a book of Winter and begin reading...
 81178 | Tar:7    | You add the spells Metabolic Englaciation and Simulacrum to
                  | your library.
 81181 | Tar:7    | Identified the +5 ring mail "Tuomp" {rElec rF+ rC+}
 81404 | Tar:7    | Killed the Serpent of Hell
 81563 | Tar:7    | Reached skill level 9 in Throwing
 81563 | Tar:7    | Reached skill level 9 in Evocations
 81787 | Tar:7    | Killed Ereshkigal
 81810 | Tar:7    | Identified the +5 chain mail of Divine Compulsion {rPois
                  | Dex+2}
 81813 | Tar:7    | Found the +2 cloak of the Thief {*Fog Slay-2 SInv Stlth+}
 81815 | Tar:7    | Identified the staff of Prudence {rElec rPois Str+3 Int-4
                  | Air}
 81816 | Tar:7    | Identified the +4 mace "Yleni" {spect, rC+ Will++}
 81818 | Tar:7    | Got a bone rune of Zot
 81828 | Tar:7    | Identified the +1 pair of gloves "Xufe" {rElec rN+}
 82332 | Geh:1    | Entered Level 1 of Gehenna
 82375 | Geh:1    | Reached skill level 10 in Throwing
 82375 | Geh:1    | Reached skill level 10 in Evocations
 82942 | Geh:3    | Reached skill level 22 in Axes
 83029 | Dis:1    | Entered Level 1 of the Iron City of Dis
 83074 | Dis:1    | HP: 38/160 [iron giant/iron shot (44)]
 83283 | Zot:5    | Got the Orb of Zot
 83658 | Depths:2 | Noticed Qixid the pandemonium lord
 83870 | D:6      | Noticed Vedas the pandemonium lord
 83892 | D:6      | Killed Vedas the pandemonium lord
 84048 | D:1      | Noticed Gililiunt the pandemonium lord
 84081 | D:1      | Killed Gililiunt the pandemonium lord
 84131 | D:$      | Escaped with the Orb!

Vanquished Creatures
  Cerebov (Pan)
  the Royal Jelly (Slime:5)
  Ereshkigal (Tar:7)
  Ignacio (Pan)
  Gloorx Vloq (Pan)
  the Serpent of Hell (Tar:7)
  Mnoleg (Pan)
  Lom Lobon (Pan)
  5 dread liches
  3 ancient liches
  7 orbs of fire
  A juggernaut (Depths:3)
  9 pandemonium lords
  2 Killer Klowns (Zot:5)
  Bai Suzhen (Spider:2)
  The ghost of Oczupsu the Shatterer, a legendary GrFi of Okawaru (Zot:1)
  Parghit (Zot:3)
  4 caustic shrikes
  2 curse toes
  Geryon (Hell)
  Nikola (Elf:1)
  11 golden dragons
  23 profane servitors
  2 electric golems (Zot:5)
  18 Tzitzimimeh
  Jory (Vaults:5)
  7 doom hounds
  11 Brimstone Fiends
  21 bone dragons
  24 tainted leviathans
  The ghost of Zachyss the Slayer, an adept MiFi of Qazlal (Elf:1)
  The ghost of Esmu the Warrior, an adept MiFi of Okawaru (Elf:1)
  8 Hell Sentinels
  2 walking crystal tomes
  3 shard shrike skeletons (Crypt:3)
  2 walking earthen tomes (Depths:3)
  10 liches
  A spectral shard shrike (Tar:7)
  15 tentacled monstrosities
  4 deep elf blademasters
  27 Orb Guardians
  6 Ice Fiends (Pan)
  7 titans
  3 searing wretches
  8 quicksilver dragons
  The ghost of rigao the Warrior, an adept DgCj (Shoals:4)
  4 deep elf master archers (Elf:3)
  26 acid blobs
  A kraken (Shoals:4)
  An eldritch tentacle (Pan)
  10 sphinxes
  Murray (Hell)
  A walking divine tome (Depths:3)
  29 Executioners
  An ancient champion (Crypt:2)
  Frances (Shoals:1)
  10 death cobs
  A thorn hunter (Abyss:4)
  5 tentacled starspawn
  Gastronok (Lair:2)
  11 azure jellies
  12 storm dragons
  7 tengu reavers
  13 shadow dragons
  Roxanne (Shoals:1)
  20 rockslimes
  17 fire giants
  13 demonspawn warmongers (Pan)
  3 draconian monks
  15 frost giants
  An emperor scorpion (shapeshifter) (Vaults:5)
  3 iron dragons
  2 draconian knights
  8 emperor scorpions
  28 balrugs
  3 draconian shifters
  7 ghost moths
  19 vault wardens
  10 deep elf sorcerers
  A spectral caustic shrike (Tar:4)
  5 draconian scorchers
  8 draconian stormcallers
  6 draconian annihilators
  14 ironbound preservers
  23 reapers
  18 ghouls
  An orc warlord (Orc:2)
  4 curse skulls
  The ghost of flestrin the Unseen, an adept SpEn of Uskayaw (Spider:3)
  2 angels
  2 spriggan defenders (Depths:4)
  16 very ugly things
  9 war gargoyles
  2 deep elf elementalists (Elf:3)
  11 formless jellyfish
  16 quicksilver oozes
  17 stone giants
  6 demonspawn corrupters (Pan)
  A broodmother (shapeshifter) (Vaults:5)
  31 cacodemons (Pan)
  7 ironbound thunderhulks
  2 caustic shrike skeletons
  A juggernaut skeleton (Pan)
  14 demonspawn blood saints (Pan)
  12 vampire knights
  17 green draconians
  7 deep elf demonologists
  Nessos (Lair:3)
  10 demonspawn black suns (Pan)
  A spectral titan (Tar:2)
  Azrael (Elf:1)
  33 putrid mouths
  14 purple draconians
  10 white draconians
  8 yellow draconians
  16 lorocyprocas (Pan)
  18 dire elephants
  9 black draconians
  3 spark wasps
  A bunyip (shapeshifter) (Depths:3)
  5 deep elf annihilators
  12 deep elf death magi
  13 green deaths
  2 minotaurs
  8 red draconians
  16 blizzard demons
  17 ettins
  The ghost of goupaloupa the Party-goer, a journeyman DsFi of Uskayaw (D:13)
  An eidolon (Crypt:2)
  12 yaktaur captains
  4 merfolk javelineers
  5 jiangshi
  13 merfolk impalers
  3 crystal guardians
  2 kraken zombies (Hell)
  A spectral quicksilver dragon (Tar:4)
  3 spectral krakens (Tar:7)
  15 fire dragons
  2 iron golems
  A spectral fenstrider witch (Tar:2)
  Josephine (D:13)
  6 entropy weavers
  11 great orbs of eyes
  A fenstrider witch zombie (Abyss:2)
  The ghost of initializr the Cleaver, a journeyman DrAr of Makhleb (Lair:1)
  A spectral iron giant (Tar:4)
  3 deep elf high priests
  2 salamander tyrants (Hell)
  4 hydras
  Fannar (Lair:2)
  9 rakshasas
  31 vault guards
  4 peacekeepers
  16 centaur warriors
  8 hell beasts
  A quicksilver dragon skeleton (Pan)
  A spectral spriggan (Tar:2)
  3 merfolk avatars
  11 ice dragons
  3 spriggan skeletons (Crypt:3)
  10 ironbound frosthearts
  6 radroaches
  2 jorogumos
  3 ogre magi
  7 merfolk aquamancers
  3 spriggan air magi
  3 satyrs (Shoals:4)
  10 boulder beetles
  2 stokers (Geh:2)
  13 two-headed ogres
  20 dancing weapons
  7 death yaks
  33 hell hogs
  6 deep troll earth magi
  8 deep troll shamans
  An orc high priest (Elf:3)
  10 vampire magi
  A titan zombie (Hell)
  29 demonic crawlers
  5 spriggan berserkers
  A tengu warrior (Depths:1)
  Urug (Lair:2)
  14 starcursed masses
  3 thrashing horrors
  2 wretched stars
  2 titan skeletons
  A spectral dire elephant (Tar:4)
  42 soul eaters
  70 sun demons
  16 deep elf knights
  4 skysharks
  A storm dragon zombie (Depths:1)
  A goliath frog (shapeshifter) (Depths:3)
  Amaemon (Lair:2)
  4 pharaoh ants
  A sun moth (Spider:2)
  17 hell knights
  25 skeletal warriors
  An iron giant zombie (Hell)
  45 sixfirhies (Pan)
  12 shadow demons
  12 shadow wraiths
  A storm dragon skeleton (Depths:1)
  2 anaconda zombies
  31 deep trolls
  2 goliath frogs (Lair:5)
  2 quicksilver dragon simulacra (Depths:4)
  2 flayed ghosts
  9 sea snakes
  18 iron trolls
  A kraken simulacrum (Shoals:4)
  A tengu zombie (Depths:1)
  Lodul (D:10)
  A cherub (Pan)
  6 orb spiders
  A spark wasp zombie (Crypt:2)
  A spectral iron dragon (Tar:7)
  7 glowing orange brains
  9 orc knights
  9 necromancers
  23 deep elf archers
  8 ironbound convokers
  21 wolf spiders
  3 lindwurms
  A bog body (Crypt:1)
  4 steelbarb worms
  A harpy (shapeshifter) (Depths:3)
  A bunyip skeleton (Hell)
  13 harpies
  An anaconda skeleton (Hell)
  17 wizards
  38 deep elf pyromancers
  39 deep elf zephyrmancers
  An iron dragon zombie (Crypt:2)
  A lindwurm (shapeshifter) (Vaults:5)
  Pikel (D:9)
  11 phantasmal warriors
  A stone giant zombie (Hell)
  A tengu skeleton (Depths:1)
  26 ugly things
  7 fauns (Shoals:4)
  3 oklob plants
  10 cyclopes
  12 manticores
  4 orc sorcerers
  4 elephants (Lair:4)
  A shining eye (Slime:1)
  32 moths of wrath
  A salamander (shapeshifter) (Vaults:2)
  3 iron dragon skeletons
  A frost giant skeleton (Depths:1)
  2 apocalypse crabs (Abyss:4)
  2 naga zombies (Crypt:3)
  A titan simulacrum (Crypt:1)
  3 ice statues
  A guardian serpent (Abyss:4)
  4 eyes of devastation
  8 rust devils
  3 worldbinders
  4 water nymphs
  A water nymph (shapeshifter) (Vaults:5)
  8 merfolk sirens
  Joseph (Lair:1)
  3 black mambas
  2 unseen horrors
  21 cane toads
  30 orange demons
  61 smoke demons
  19 vault sentinels
  4 gargoyles (Crypt:3)
  5 torpor snails
  3 molten gargoyles (Hell)
  Maggie (Lair:1)
  A dire elephant skeleton (Hell)
  3 centaur skeletons
  12 spectral swamp worms (Tar:7)
  39 large abominations
  The ghost of Koushar the Nimble, a novice FeTm of Gozag (D:8)
  A pale draconian zombie (Crypt:2)
  An unseen horror zombie (Crypt:1)
  A bunyip simulacrum (Tar:2)
  11 komodo dragons
  A minotaur skeleton (Pan)
  2 sea snake zombies (Hell)
  2 rime drakes
  14 ice devils
  5 hellions
  11 efreet
  6 freezing wraiths
  45 yaktaurs
  A kobold demonologist (D:10)
  A red draconian skeleton (Crypt:1)
  14 tormentors
  3 ancient zymes
  5 red devils
  35 merfolk
  2 spectral nagas
  3 guardian mummies (Crypt:3)
  3 spectral harpies
  A tengu conjurer (Depths:1)
  A tyrant leech (shapeshifter) (Vaults:5)
  12 wind drakes
  4 silent spectres
  A hydra zombie (Hell)
  30 hellwings (Pan)
  A harpy zombie (Crypt:3)
  A meliai (D:14)
  2 polar bears
  A shadow dragon simulacrum (Depths:1)
  16 trolls
  A hydra skeleton (Hell)
  A queen bee (shapeshifter) (Vaults:4)
  2 tyrant leeches (Lair:4)
  7 harpy skeletons
  6 raiju
  2 tarantellas (shapeshifter)
  4 hornets
  35 tarantellas
  A death drake skeleton (Crypt:1)
  11 snapping turtles
  A satyr zombie (Crypt:2)
  19 blink frogs
  A fire giant simulacrum (Depths:1)
  A jumping spider (shapeshifter) (D:14)
  An alligator skeleton (Hell)
  108 slime creatures
  3 black mamba zombies
  15 culicivoras
  25 jumping spiders
  Sigmund (D:5)
  20 water elementals
  2 spriggans
  3 air elementals
  A centaur simulacrum (D:15)
  8 flying skulls (Crypt:1)
  4 wyverns
  9 basilisks
  2 black mamba skeletons
  12 wraiths
  21 yaks
  4 shadows (Crypt:3)
  47 ynoxinuls
  A vampire (D:11)
  25 neqoxecs
  9 golden eyes
  20 chaos spawn
  23 fire elementals
  3 steam dragons
  2 faun zombies
  A redback (shapeshifter) (Vaults:5)
  75 redbacks
  Grum (Lair:1)
  16 vampire mosquitoes
  A harpy simulacrum (Tar:2)
  4 wargs
  Menkaure (D:5)
  10 hell hounds
  Duvessa (D:6)
  12 water moccasins
  2 floating eyes
  3 naga skeletons
  4 small abominations (Abyss:2)
  An ice beast (D:7)
  48 orc warriors
  2 black bears
  4 ettin simulacra (Depths:4)
  21 ogres
  2 sky beasts (D:7)
  6 boggarts
  7 wolves
  29 centaurs
  A phantom (D:4)
  A torpor snail zombie (Crypt:1)
  A lindwurm skeleton (Crypt:1)
  4 kobold brigands
  A rime drake skeleton (Crypt:2)
  3 elf zombies
  A necrophage (Crypt:1)
  4 earth elementals (Elf:3)
  A gnoll sergeant (D:8)
  16 bullfrogs
  4 scorpions
  10 wights
  3 elf skeletons
  Dowan (D:6)
  4 electric eels
  2 howler monkeys (D:8)
  A quasit (Abyss:2)
  21 jellies
  2 human zombies
  3 hounds (D:6)
  12 orc priests
  3 sleepcaps
  2 iguanas (D:5)
  2 human skeletons (D:5)
  26 orc wizards
  6 hell rats
  A lightning spire (Gauntlet)
  An ice beast zombie (Crypt:1)
  9 mummies
  9 adders
  3 gnolls (D:8)
  12 river rats (Lair:2)
  2 shadow imps
  4 white imps
  3 adder zombies (Ossuary)
  A worm (D:5)
  4 dart slugs
  67 orcs
  3 ball pythons
  8 endoplasms
  4 giant cockroaches
  5 goblins
  3 hobgoblins
  27 kobolds
  2 quokkas
  A ball python zombie (Crypt:2)
  5 bats
  A frilled lizard (D:2)
  A goblin zombie (Ossuary)
  9 hobgoblin zombies (Ossuary)
  2 jackal zombies (Ossuary)
  A kobold (shapeshifter) (Vaults:5)
  10 kobold zombies (Ossuary)
  6 orc skeletons
  7 orc zombies (Ossuary)
  5 rats
  2 rat zombies (Ossuary)
  3 ball lightnings (Pan)
  2 creeping infernos
  14 fire vortices
  4 starspawn tentacles
  11 tentacles
3609 creatures vanquished.

Vanquished Creatures (collateral kills)
  Mlioglotl (Shoals:4)
  A death cob (Zot:1)
  A moth of wrath (Zot:1)
  A jumping spider (Spider:3)
4 creatures vanquished.

Vanquished Creatures (others)
  An ancient lich (Tar:2)
  A lich (Vaults:5)
  An emperor scorpion (Spider:4)
  2 fire giants
  A deep elf sorcerer (Elf:3)
  A great orb of eyes (Slime:2)
  A deep elf knight (Elf:3)
  A glowing orange brain (Pan)
  A wizard (Vaults:1)
  4 deep elf pyromancers
  An ugly thing (D:14)
  2 deep elf zephyrmancers (Elf:1)
  A smoke demon (Pan)
  A tormentor (Tar:2)
  A snapping turtle (Shoals:4)
  A water elemental (Elf:1)
  An orc warrior (Orc:2)
  An ettin simulacrum (Depths:4)
  3 centaurs (Orc:2)
  An orc (Vaults:5)
  6 ball lightnings (Pan)
  A fire vortex (Geh:2)
  32 foxfires
  A lurking horror (Abyss:4)
  151 spectral weapons
  9 starspawn tentacles
  27 tentacles
254 creatures vanquished.

Grand Total: 3867 creatures vanquished

Action                     |  1- 3 |  4- 6 |  7- 9 | 10-12 | 13-15 | 16-18 | 19-21 | 22-24 | 25-27 || total
---------------------------+-------+-------+-------+-------+-------+-------+-------+-------+-------++-------
  Melee: Mace              |    54 |       |       |       |       |       |       |       |       ||    54
         War axe           |    67 |   107 |   445 |   952 |  1863 |  2247 |  1732 |  1750 |  1056 || 10219
         Punch             |       |     1 |     7 |     1 |       |       |       |       |       ||     9
         Morningstar       |       |       |       |       |     2 |       |       |       |       ||     2
         Lance             |       |       |       |       |       |   835 |    50 |   766 |  2469 ||  4120
         Broad axe         |       |       |       |       |       |       |       |       |  3157 ||  3157
 Invoke: Fiery Armour      |       |     1 |       |       |     1 |       |       |       |       ||     2
         Foxfire Swarm     |       |     1 |     1 |       |     1 |       |       |       |       ||     3
         Greater Servant o |       |       |       |       |       |       |       |       |     2 ||     2
  Evoke: Wand              |       |       |       |    13 |    14 |     3 |       |     2 |     5 ||    37
         Phial of floods   |       |       |       |     1 |     1 |     3 |       |       |       ||     5
         Lightning rod     |       |       |       |       |     9 |     7 |       |     4 |       ||    20
         Phantom mirror    |       |       |       |       |       |     2 |       |       |       ||     2
         Condenser vane    |       |       |       |       |       |     1 |       |     1 |       ||     2
    Use: Scroll            |       |     7 |    11 |    10 |    10 |    20 |     2 |     3 |    18 ||    81
         Potion            |       |     2 |       |     1 |    13 |    13 |     1 |     3 |    25 ||    58
   Stab: Paralysed         |       |       |       |    12 |       |     7 |       |       |       ||    19
         Invisible         |       |       |       |       |    16 |       |       |     6 |     1 ||    23
         Petrified         |       |       |       |       |       |       |       |       |    19 ||    19
         Petrifying        |       |       |       |       |       |       |       |       |     1 ||     1
         Distracted        |       |       |       |       |       |       |       |       |    80 ||    80
         Confused          |       |       |       |       |       |       |       |       |     1 ||     1
 Armour: Robe              |    64 |    32 |       |       |       |       |       |       |       ||    96
         Chain mail        |       |    85 |    54 |       |       |       |       |       |       ||   139
         Plate armour      |       |       |   328 |   583 |  1026 |   817 |       |       |       ||  2754
         Crystal plate arm |       |       |       |       |       |   562 |   694 |  1094 |  2495 ||  4845
         Storm dragon scal |       |       |       |       |       |    82 |       |       |       ||    82
  Dodge: Dodged            |    89 |    81 |   128 |   474 |  1161 |  2482 |  1037 |  1452 |  3225 || 10129
         Repelled          |       |       |       |       |     6 |    17 |       |     2 |    57 ||    82
  Block: Kite shield       |       |       |       |   450 |  1106 |  1844 |  1096 |  1752 |  2716 ||  8964
         Reflection        |       |       |       |       |       |       |       |   119 |    27 ||   146
         Tower shield      |       |       |       |       |       |       |       |       |  2210 ||  2210

Illustrated notes

Table legend:
 A = Kills in this place as a percentage of kills in the entire game.
 B = Kills by you in this place as a percentage of kills by you in the entire game.
 C = Kills by friends in this place as a percentage of kills by friends in the entire game.
 D = Other kills in this place as a percentage of other kills in the entire game.
 E = Experience gained in this place as a percentage of experience gained in the entire game.
 F = Experience gained in this place divided by the number of levels of this place that you have seen.
                   A       B       C       D       E      F
               +-------+-------+-------+-------+-------+----------------------
         Total | 100.0 | 100.0 | 100.0 | 100.0 | 100.0 | 26217.8
       Dungeon |  10.5 |  10.5 |   0.0 |   4.8 |   3.4 | 5681.9
          Lair |   5.1 |   5.1 |   0.0 |   0.0 |   2.1 | 10599.2
        Shoals |   4.3 |   4.3 |  25.0 |   4.8 |   3.2 | 20035.5
   Spider Nest |   6.4 |   6.3 |  25.0 |   4.8 |   3.7 | 23129.2
    Slime Pits |   4.3 |   4.3 |   0.0 |   4.8 |   4.0 | 20056.0
  Orcish Mines |   3.2 |   3.2 |   0.0 |  14.3 |   0.7 | 8388.5
   Elven Halls |   5.7 |   5.6 |   0.0 |  33.3 |   5.6 | 46635.7
        Vaults |  10.1 |  10.1 |   0.0 |   9.5 |  11.3 | 56986.2
         Crypt |   4.3 |   4.4 |   0.0 |   0.0 |   4.4 | 36990.3
        Depths |   6.8 |   6.8 |   0.0 |   4.8 |   9.3 | 58492.8
          Hell |   2.9 |   2.9 |   0.0 |   0.0 |   2.9 | 72741.0
           Dis |   0.1 |   0.1 |   0.0 |   0.0 |   0.2 | 4155.0
       Gehenna |   1.5 |   1.5 |   0.0 |   4.8 |   1.9 | 16078.0
      Tartarus |   4.9 |   4.9 |   0.0 |   9.5 |  10.0 | 36019.0
           Zot |   7.0 |   7.0 |  50.0 |   0.0 |  13.2 | 66553.4
         Abyss |   1.9 |   2.0 |   0.0 |   0.0 |   1.3 | 16620.5
   Pandemonium |  19.2 |  19.3 |   0.0 |   4.8 |  22.6 | 25835.8
       Ossuary |   1.1 |   1.1 |   0.0 |   0.0 |   0.0 | 323.0
       Volcano |   0.4 |   0.4 |   0.0 |   0.0 |   0.2 | 4138.0
      Gauntlet |   0.2 |   0.2 |   0.0 |   0.0 |   0.1 | 3066.0
               +-------+-------+-------+-------+-------+----------------------

Table legend: (Time is in decaauts)
 A = Elapsed time spent in this place.
 B = Non-inter-level travel time spent in this place.
 C = Inter-level travel time spent in this place.
 D = Time resting spent in this place.
 E = Time spent auto-exploring this place.
 F = Levels seen in this place.
 G = Mean time per level.
                   A        B        C        D        E       F      G
               +--------+--------+--------+--------+--------+-----+--------+
         Total |  80019 |  69917 |  10102 |   2943 |  44355 |  96 |  833.5 |
       Dungeon |  16074 |  13125 |   2949 |   1150 |   8489 |  15 | 1071.6 |
        Temple |     45 |     29 |     16 |      0 |     22 |   1 |   45.0 |
          Lair |   6898 |   5324 |   1574 |    163 |   3619 |   5 | 1379.6 |
        Shoals |   4414 |   3884 |    530 |    177 |   2552 |   4 | 1103.5 |
   Spider Nest |   5298 |   4777 |    521 |    334 |   2642 |   4 | 1324.5 |
    Slime Pits |   2876 |   2578 |    298 |    221 |   1654 |   5 |  575.2 |
  Orcish Mines |   1629 |   1234 |    395 |      4 |    878 |   2 |  814.5 |
   Elven Halls |   3870 |   3190 |    680 |     54 |   2041 |   3 | 1290.0 |
        Vaults |   6741 |   5671 |   1070 |     90 |   3620 |   5 | 1348.2 |
         Crypt |   2623 |   2532 |     91 |      8 |   1764 |   3 |  874.3 |
        Depths |   5551 |   4719 |    832 |    157 |   3073 |   4 | 1387.8 |
          Hell |    774 |    602 |    172 |     66 |    299 |   1 |  774.0 |
           Dis |     36 |     36 |      0 |      0 |      0 |   1 |   36.0 |
       Gehenna |    547 |    455 |     92 |      0 |    269 |   3 |  182.3 |
      Tartarus |   3180 |   2938 |    242 |    244 |   1918 |   7 |  454.3 |
           Zot |   5237 |   4601 |    636 |    131 |   3153 |   5 | 1047.4 |
         Abyss |    889 |    889 |      0 |      0 |      0 |   2 |  444.5 |
   Pandemonium |  12120 |  12120 |      0 |    141 |   7865 |  22 |  550.9 |
         Trove |     89 |     89 |      0 |      0 |     64 |   1 |   89.0 |
       Ossuary |    306 |    306 |      0 |      0 |    131 |   1 |  306.0 |
       Volcano |    366 |    366 |      0 |      0 |     87 |   1 |  366.0 |
      Gauntlet |    447 |    447 |      0 |      2 |    211 |   1 |  447.0 |
               +--------+--------+--------+--------+--------+-----+--------+

Top non-repeatable levels by time:
   Tar:7: 2172 daAuts
  Lair:1: 1885 daAuts
Spider:1: 1882 daAuts
Depths:4: 1769 daAuts
Vaults:3: 1759 daAuts
Depths:3: 1669 daAuts
Shoals:4: 1646 daAuts
     D:5: 1580 daAuts
   Zot:3: 1575 daAuts
   Elf:3: 1505 daAuts
    D:13: 1475 daAuts
 Crypt:3: 1423 daAuts
    D:10: 1395 daAuts
Vaults:4: 1379 daAuts
  Lair:4: 1378 daAuts
